Workbook
Name CONCATENAR: CONCATENATE('Cotações '!$A1," ",'Cotações '!$B1)
Name CONCATENAR: CONCATENATE([2]Banco!$B1," ",[2]Banco!$C1)
Name Cot.LP.Banco: #REF!
Name Cot.LP.Banco: #REF!
Name Cot.LP.Cot: #REF!
Name Cot.LP.Cot: #REF!
Name Cot.LP.Cotacao: #REF!
Name Cot.LP.Cotacao: #REF!
Name Cot.LP.Empresa: #REF!
Name Cot.LP.Empresa: #REF!
Name Cot.LP.Indice: #REF!
Name Cot.LP.Indice: #REF!
Name DescForms: #REF!
Name DescForms: #REF!
Name DescForms: #REF!
Name DescForms: #REF!
Name DescForms: #REF!
Name EMPRESAS: OFFSET([3]Cotações!#REF!,1,0):OFFSET([3]Cotações!#REF!,-1,0)
Name EMPRESAS: OFFSET([3]Cotações!#REF!,1,0):OFFSET([3]Cotações!#REF!,-1,0)
Name EMPRESAS: OFFSET([3]Cotações!#REF!,1,0):OFFSET([3]Cotações!#REF!,-1,0)
Name EMPRESAS: OFFSET('Cotações '!#REF!,1,0):OFFSET('Cotações '!#REF!,-1,0)
Name EMPRESAS: OFFSET([4]Cotações!#REF!,1,0):OFFSET([4]Cotações!#REF!,-1,0)
Name FiltroCot: #REF!
Name FiltroCot: #REF!
Name INDICES: OFFSET([3]Cotações!#REF!,1,0):OFFSET([3]Cotações!#REF!,-1,0)
Name INDICES: OFFSET([3]Cotações!#REF!,1,0):OFFSET([3]Cotações!#REF!,-1,0)
Name INDICES: OFFSET([3]Cotações!#REF!,1,0):OFFSET([3]Cotações!#REF!,-1,0)
Name INDICES: OFFSET('Cotações '!#REF!,1,0):OFFSET('Cotações '!#REF!,-1,0)
Name INDICES: OFFSET([4]Cotações!#REF!,1,0):OFFSET([4]Cotações!#REF!,-1,0)
Name NCOMPOSICOES: 27
Name NCOMPOSICOES: 27
Name NCOTACOES: 19
Name NCOTACOES: 19
Name NEMPRESAS: 33
Name NEMPRESAS: 33
Name NINDICES: 3
Name NRELATORIOS: COUNTA([2]Relatórios!$A:$A)-2
Name NRELATORIOS: COUNTA([2]Relatórios!$A:$A)-2
Name NumerEmpresa: 33
Name NumerEmpresa: 33
Name NumerIndice: 3
Name Objeto: "Referência"
Name OQUE: #REF!
Name PLANOS: #REF!
Name PLANOS: #REF!
Name PLANOS: #REF!
Name PLANOS: #REF!
Name PLANOS: #REF!
Name PLANOS.: #REF!
Name PLANOS.: #REF!
Name PLANOS.: #REF!
Name PLANOS.: #REF!
Name PLANOS.: #REF!
Name RelatoriosFontes: OFFSET([2]Relatórios!$A$5,1,0,'Cotações '!NRELATORIOS)
Name RelatoriosFontes: OFFSET([2]Relatórios!$A$5,1,0,NRELATORIOS)

Sheet DADOS
A1: DADOS INICIAIS
A3: DADOS DO MUNICÍPIO
A4: Proponente/Tomador: | B4: PREFEITURA MUNICIPAL DE SÃO FELIPE/BA
A5: Município/UF: | B5: SÃO FELIPE/BA
A7: DADOS DO EMPREENDIMENTO E ORÇAMENTO
A8: Nome/Objeto: | B8: PAVIMENTAÇÃO ASFÁLTICA DIVERSAS RUAS, NO MUNICÍPIO DE SÃO FELIPE/BA
A9: Descrição:
A10: Data-Base do Orçamento: | B10: SINAPI - 01/2025 - Bahia SICRO3 - 10/2024 - Bahia ORSE - 12/2024 - Sergipe
A11: Valor do BDI (%): | B11: 0.2009
A12: BDI: | B12: 1.2009
A14: RESPONSÁVEL PELO ORÇAMENTO
A15: Nome: | B15: Eliabe Vitória Souza
A16: Título: | B16: Engenheiro Civil
A17: CREA/CAU: | B17: CREA/BA:051487735-9
A18: Data do Preenchimento: | B18: =TODAY() -> 45812
A20: RESPONSÁVEL PELO TOMADOR (PREFEITO)
A21: Nome:
A22: Cargo: | B22: Prefeito Municipal
A25: ORÇAMENTO
A27: DADOS DA OBRA
A28: Usuário
A29: Descrição
A30: Nº do Orçamento:
A33: ACOMPANHAMENTO DO EMPREENDIMENTO
A35: DADOS DA OBRA
A36: Data de Início da Obra:
A37: Data do Fechamento do BM:
A39: RESPONSÁVEL PELA FISCALIZAÇÃO
A40: Nome:
A41: Título:
A42: CREA/CAU:

Sheet BDI SERVIÇO
E1: MIN | F1: MED | G1: MAX | N1: ="Quadro de Composição do BDI "&MID(CELL("nome.arquivo",N1),5+FIND("BDI (",CELL("nome.arquivo",N1)),1) -> #VALUE!
A2: Construção e Reforma de Edifícios | B2: AC | C2: =CONCATENATE(A2,"-",B2) -> Construção e Reforma de Edifícios-AC | E2: 0.03 | F2: 0.04 | G2: 0.055
A3: =A2 -> Construção e Reforma de Edifícios | B3: SG | C3: =CONCATENATE(A3,"-",B3) -> Construção e Reforma de Edifícios-SG | E3: 0.008 | F3: 0.008 | G3: 0.01
A4: =A3 -> Construção e Reforma de Edifícios | B4: R | C4: =CONCATENATE(A4,"-",B4) -> Construção e Reforma de Edifícios-R | E4: 0.0097 | F4: 0.0127 | G4: 0.0127 | I4: Nº TC/CR | K4: PROPONENTE / TOMADOR
A5: =A4 -> Construção e Reforma de Edifícios | B5: DF | C5: =CONCATENATE(A5,"-",B5) -> Construção e Reforma de Edifícios-DF | E5: 0.0059 | F5: 0.0123 | G5: 0.0139 | I5: 1039250-00 | K5: Prefeitura Municipal
I6: QUADRO DE COMPOSIÇÃO DE BDI
A7: =A5 -> Construção e Reforma de Edifícios | B7: L | C7: =CONCATENATE(A7,"-",B7) -> Construção e Reforma de Edifícios-L | E7: 0.0616 | F7: 0.074 | G7: 0.0896
A8: =A7 -> Construção e Reforma de Edifícios | B8: BDI PAD | C8: =CONCATENATE(A8,"-",B8) -> Construção e Reforma de Edifícios-BDI PAD | E8: 0.2034 | F8: 0.2212 | G8: 0.25 | I8: OBJETO
A9: Construção de Praças Urbanas, Rodovias, Ferrovias e recapeamento e pavimentação de vias urbanas | B9: AC | C9: =CONCATENATE(A9,"-",B9) -> Construção de Praças Urbanas, Rodovias, Ferrovias e recapeamento e pavimentação de vias urbanas-AC | E9: 0.038 | F9: 0.0401 | G9: 0.0467 | I9: PROJETO DE SINALIZAÇÃO E ADEQUAÇÃO DO CANTEIRO
A10: Construção de Praças Urbanas, Rodovias, Ferrovias e recapeamento e pavimentação de vias urbanas | B10: SG | C10: =CONCATENATE(A10,"-",B10) -> Construção de Praças Urbanas, Rodovias, Ferrovias e recapeamento e pavimentação de vias urbanas-SG | E10: 0.0032 | F10: 0.004 | G10: 0.0074
I15: 01 – NOME DA PREFEITURA PROPONENTE: | N15: 02 – DESCRIÇÃO:
I16: =DADOS!B4 -> PREFEITURA MUNICIPAL DE SÃO FELIPE/BA | N16: =DADOS!B8 -> PAVIMENTAÇÃO ASFÁLTICA DIVERSAS RUAS, NO MUNICÍPIO DE SÃO FELIPE/BA
I17: 03 –LOCALIDADE: | N17: 04 –DATA:
I18: =DADOS!B5 -> SÃO FELIPE/BA | N18: =DADOS!B18 -> 45812
I20: QUADRO DE COMPOSIÇÃO DE BDI
A22: Construção de Praças Urbanas, Rodovias, Ferrovias e recapeamento e pavimentação de vias urbanas | B22: R | C22: =CONCATENATE(A22,"-",B22) -> Construção de Praças Urbanas, Rodovias, Ferrovias e recapeamento e pavimentação de vias urbanas-R | E22: 0.005 | F22: 0.0056 | G22: 0.0097 | I22: TIPO DE OBRA DO EMPREENDIMENTO | Q22: DESONERAÇÃO
A23: Construção de Praças Urbanas, Rodovias, Ferrovias e recapeamento e pavimentação de vias urbanas | B23: DF | C23: =CONCATENATE(A23,"-",B23) -> Construção de Praças Urbanas, Rodovias, Ferrovias e recapeamento e pavimentação de vias urbanas-DF | E23: 0.0102 | F23: 0.0111 | G23: 0.0121 | I23: Construção de Praças Urbanas, Rodovias, Ferrovias e recapeamento e pavimentação de vias urbanas | Q23: Não
A24: Construção de Praças Urbanas, Rodovias, Ferrovias e recapeamento e pavimentação de vias urbanas | B24: L | C24: =CONCATENATE(A24,"-",B24) -> Construção de Praças Urbanas, Rodovias, Ferrovias e recapeamento e pavimentação de vias urbanas-L | E24: 0.0664 | F24: 0.073 | G24: 0.0869
A25: Construção de Praças Urbanas, Rodovias, Ferrovias e recapeamento e pavimentação de vias urbanas | B25: BDI PAD | C25: =CONCATENATE(A25,"-",B25) -> Construção de Praças Urbanas, Rodovias, Ferrovias e recapeamento e pavimentação de vias urbanas-BDI PAD | E25: 0.196 | F25: 0.2097 | G25: 0.2423 | I25: Conforme legislação tributária municipal, definir estimativa de percentual da base de cálculo para o ISS: | Q25: 0.5
A26: Construção de Redes de Abastecimento de Água, Coleta de Esgoto | B26: AC | C26: =CONCATENATE(A26,"-",B26) -> Construção de Redes de Abastecimento de Água, Coleta de Esgoto-AC | E26: 0.0343 | F26: 0.0493 | G26: 0.0671 | I26: Sobre a base de cálculo, definir a respectiva alíquota do ISS (entre 2% e 5%): | Q26: 0.05
A27: =A26 -> Construção de Redes de Abastecimento de Água, Coleta de Esgoto | B27: SG | C27: =CONCATENATE(A27,"-",B27) -> Construção de Redes de Abastecimento de Água, Coleta de Esgoto-SG | E27: 0.0028 | F27: 0.0049 | G27: 0.0075
I28: Itens | M28: Siglas | N28: % Adotado | O28: Situação | P28: 1º Quartil | Q28: Médio | R28: 3º Quartil | T28: =IF(V39,"Para BDI fora do intervalo estatístico, deve ser apresentado Relatório Técnico Circunstanciado justificando a adoção do percentual de cada parcela do BDI.","")
A29: =A27 -> Construção de Redes de Abastecimento de Água, Coleta de Esgoto | B29: R | C29: =CONCATENATE(A29,"-",B29) -> Construção de Redes de Abastecimento de Água, Coleta de Esgoto-R | E29: 0.01 | F29: 0.0139 | G29: 0.0174
A30: =A29 -> Construção de Redes de Abastecimento de Água, Coleta de Esgoto | B30: DF | C30: =CONCATENATE(A30,"-",B30) -> Construção de Redes de Abastecimento de Água, Coleta de Esgoto-DF | E30: 0.0094 | F30: 0.0099 | G30: 0.0117 | I30: =IF($I$23=$A$71,"Encargos Sociais incidentes sobre a mão de obra","Administração Central") -> Administração Central | M30: =IF($I$23=$A$71,"K1","AC") -> AC | N30: 0.038 | O30: - | P30: =VLOOKUP(CONCATENATE(I$23,"-",M30),$C$2:$G$61,3,FALSE) -> 0.038 | Q30: =VLOOKUP(CONCATENATE(I$23,"-",M30),$C$2:$G$61,4,FALSE) -> 0.0401 | R30: =VLOOKUP(CONCATENATE(I$23,"-",M30),$C$2:$G$61,5,FALSE) -> 0.0467
A31: =A30 -> Construção de Redes de Abastecimento de Água, Coleta de Esgoto | B31: L | C31: =CONCATENATE(A31,"-",B31) -> Construção de Redes de Abastecimento de Água, Coleta de Esgoto-L | E31: 0.0674 | F31: 0.0804 | G31: 0.094 | I31: =IF($I$23=$A$71,"Administração Central da empresa ou consultoria - overhead","Seguro e Garantia") -> Seguro e Garantia | M31: =IF($I$23=$A$71,"K2","SG") -> SG | N31: 0.0032 | O31: - | P31: =VLOOKUP(CONCATENATE(I$23,"-",M31),$C$2:$G$61,3,FALSE) -> 0.0032 | Q31: =VLOOKUP(CONCATENATE(I$23,"-",M31),$C$2:$G$61,4,FALSE) -> 0.004 | R31: =VLOOKUP(CONCATENATE(I$23,"-",M31),$C$2:$G$61,5,FALSE) -> 0.0074
A32: =A31 -> Construção de Redes de Abastecimento de Água, Coleta de Esgoto | B32: BDI PAD | C32: =CONCATENATE(A32,"-",B32) -> Construção de Redes de Abastecimento de Água, Coleta de Esgoto-BDI PAD | E32: 0.2076 | F32: 0.2418 | G32: 0.2644 | I32: =IF($I$23=$A$71,"","Risco") -> Risco | M32: =IF($I$23=$A$71,"","R") -> R | N32: 0.005 | O32: - | P32: =VLOOKUP(CONCATENATE(I$23,"-",M32),$C$2:$G$61,3,FALSE) -> 0.005 | Q32: =VLOOKUP(CONCATENATE(I$23,"-",M32),$C$2:$G$61,4,FALSE) -> 0.0056 | R32: =VLOOKUP(CONCATENATE(I$23,"-",M32),$C$2:$G$61,5,FALSE) -> 0.0097
A33: Construção e Manutenção de Estações e Redes de Distribuição de Energia Elétrica | B33: AC | C33: =CONCATENATE(A33,"-",B33) -> Construção e Manutenção de Estações e Redes de Distribuição de Energia Elétrica-AC | E33: 0.0529 | F33: 0.0592 | G33: 0.0793 | I33: =IF($I$23=$A$71,"","Despesas Financeiras") -> Despesas Financeiras | M33: =IF($I$23=$A$71,"","DF") -> DF | N33: 0.0102 | O33: - | P33: =VLOOKUP(CONCATENATE(I$23,"-",M33),$C$2:$G$61,3,FALSE) -> 0.0102 | Q33: =VLOOKUP(CONCATENATE(I$23,"-",M33),$C$2:$G$61,4,FALSE) -> 0.0111 | R33: =VLOOKUP(CONCATENATE(I$23,"-",M33),$C$2:$G$61,5,FALSE) -> 0.0121
A34: =A33 -> Construção e Manutenção de Estações e Redes de Distribuição de Energia Elétrica | B34: SG | C34: =CONCATENATE(A34,"-",B34) -> Construção e Manutenção de Estações e Redes de Distribuição de Energia Elétrica-SG | E34: 0.0025 | F34: 0.0051 | G34: 0.0056 | I34: =IF($I$23=$A$71,"Margem bruta da empresa de consultoria","Lucro") -> Lucro | M34: =IF($I$23=$A$71,"K3","L") -> L | N34: 0.0664 | O34: - | P34: =VLOOKUP(CONCATENATE(I$23,"-",M34),$C$2:$G$61,3,FALSE) -> 0.0664 | Q34: =VLOOKUP(CONCATENATE(I$23,"-",M34),$C$2:$G$61,4,FALSE) -> 0.073 | R34: =VLOOKUP(CONCATENATE(I$23,"-",M34),$C$2:$G$61,5,FALSE) -> 0.0869
A35: =A34 -> Construção e Manutenção de Estações e Redes de Distribuição de Energia Elétrica | B35: R | C35: =CONCATENATE(A35,"-",B35) -> Construção e Manutenção de Estações e Redes de Distribuição de Energia Elétrica-R | E35: 0.01 | F35: 0.0148 | G35: 0.0197 | I35: Tributos (impostos COFINS 3%, e PIS 0,65%) | M35: CP | N35: 0.0365 | O35: - | P35: 0.0365 | Q35: 0.0365 | R35: 0.0365
A36: =A35 -> Construção e Manutenção de Estações e Redes de Distribuição de Energia Elétrica | B36: DF | C36: =CONCATENATE(A36,"-",B36) -> Construção e Manutenção de Estações e Redes de Distribuição de Energia Elétrica-DF | E36: 0.0101 | F36: 0.0107 | G36: 0.0111 | I36: Tributos (ISS, variável de acordo com o município) | M36: ISS | N36: =IF($I$23<>$A$70,Q26*Q25,0) -> 0.025 | O36: - | P36: 0 | Q36: 0.025 | R36: 0.05
A37: =A36 -> Construção e Manutenção de Estações e Redes de Distribuição de Energia Elétrica | B37: L | C37: =CONCATENATE(A37,"-",B37) -> Construção e Manutenção de Estações e Redes de Distribuição de Energia Elétrica-L | E37: 0.08 | F37: 0.0831 | G37: 0.0951 | I37: Tributos (Contribuição Previdenciária sobre a Receita Bruta - 0% ou 4,5% - Desoneração) | M37: CPRB | N37: =IF(AND($I$23<>$A$70,Q23="Sim"),4.5%,0%) -> 0 | O37: =IF(AND(N37>=P37, N37<=R37), "OK", "Não OK") -> OK | P37: 0 | Q37: 0.045 | R37: 0.045
A38: =A37 -> Construção e Manutenção de Estações e Redes de Distribuição de Energia Elétrica | B38: BDI PAD | C38: =CONCATENATE(A38,"-",B38) -> Construção e Manutenção de Estações e Redes de Distribuição de Energia Elétrica-BDI PAD | E38: 0.24 | F38: 0.2584 | G38: 0.2786 | I38: BDI SEM desoneração (Fórmula Acórdão TCU) | M38: BDI PAD | N38: =IF($I$23=$A$70,0,ROUND((((1+N30+N31+N32)*(1+N33)*(1+N34)/(1-(N35+N36)))-1),4)) -> 0.2009 | O38: =IF(OR($I$23=$A$71,$I$23=$A$70,AND(N38>=P38, N38<=R38)), "OK", "FORA DO INTERVALO") -> OK | P38: =IF($I$23=$A$70,0,VLOOKUP(CONCATENATE($I$23,"-",$M38),$C$2:$G$61,3,FALSE)) -> 0.196 | Q38: =IF($I$23=$A$70,0,VLOOKUP(CONCATENATE($I$23,"-",$M38),$C$2:$G$61,4,FALSE)) -> 0.2097 | R38: =IF($I$23=$A$70,0,VLOOKUP(CONCATENATE($I$23,"-",$M38),$C$2:$G$61,5,FALSE)) -> 0.2423
A39: Obras Portuárias, Marítimas e Fluviais | B39: AC | C39: =CONCATENATE(A39,"-",B39) -> Obras Portuárias, Marítimas e Fluviais-AC | E39: 0.04 | F39: 0.0552 | G39: 0.0785 | I39: BDI COM desoneração | M39: BDI DES | N39: =IF($I$23=$A$70,0,ROUND((((1+N30+N31+N32)*(1+N33)*(1+N34)/(1-(N35+N36+N37)))-1),4)) -> 0.2009 | O39: =IF(Q23<>"Sim","",O38) | V39: =AND(COUNTA(N30:N35)=6,O38<>"ok",NOT(V41)) -> FALSE | W39: pedir anexo
A40: =A39 -> Obras Portuárias, Marítimas e Fluviais | B40: SG | C40: =CONCATENATE(A40,"-",B40) -> Obras Portuárias, Marítimas e Fluviais-SG | E40: 0.0081 | F40: 0.0122 | G40: 0.0199
A41: =A40 -> Obras Portuárias, Marítimas e Fluviais | B41: R | C41: =CONCATENATE(A41,"-",B41) -> Obras Portuárias, Marítimas e Fluviais-R | E41: 0.0146 | F41: 0.0232 | G41: 0.0316 | I41: =IF(V41,"X","") | J41: Anexo: Relatório Técnico Circunstanciado justificando a adoção do percentual de cada parcela do BDI. | V41: FALSE | W41: anexo apresentado
I43: Os valores de BDI foram calculados com o emprego da fórmula:
A44: =A41 -> Obras Portuárias, Marítimas e Fluviais | B44: DF | C44: =CONCATENATE(A44,"-",B44) -> Obras Portuárias, Marítimas e Fluviais-DF | E44: 0.0094 | F44: 0.0102 | G44: 0.0133 | L44: =IF(Q23="Sim","BDI.DES =","BDI.PAD =") -> BDI.PAD = | M44: =IF($I$23=$A$71,"(1+K1+K2)*(1+K3)","(1+AC + S + R + G)*(1 + DF)*(1+L)") -> (1+AC + S + R + G)*(1 + DF)*(1+L) | P44: - 1
A45: =A44 -> Obras Portuárias, Marítimas e Fluviais | B45: L | C45: =CONCATENATE(A45,"-",B45) -> Obras Portuárias, Marítimas e Fluviais-L | E45: 0.0714 | F45: 0.084 | G45: 0.1043 | M45: =IF(Q23="Sim","(1-CP-ISS-CRPB)","(1-CP-ISS)") -> (1-CP-ISS)
A46: =A45 -> Obras Portuárias, Marítimas e Fluviais | B46: BDI PAD | C46: =CONCATENATE(A46,"-",B46) -> Obras Portuárias, Marítimas e Fluviais-BDI PAD | E46: 0.228 | F46: 0.2748 | G46: 0.3095
I47: =CONCATENATE("Declaro para os devidos fins que, conforme legislação tributária municipal, a base de cálculo para ",I23,", é de ",Q25*100,"%, com a respectiva alíquota de ",Q26*100,"%.") -> Declaro para os devidos fins que, conforme legislação tributária municipal, a base de cálculo para Construção de Praças Urbanas, Rodovias, Ferrovias e recapeamento e pavimentação de vias urbanas, é de 50%, com a respectiva alíquota de 5%.
I49: =CONCATENATE("Declaro para os devidos fins que o regime de Contribuição Previdenciária sobre a Receita Bruta adotado para elaboração do orçamento foi ",IF(Q23="Sim","COM","SEM")," Desoneração, e que esta é a alternativa mais adequada para a Administração Pública.") -> Declaro para os devidos fins que o regime de Contribuição Previdenciária sobre a Receita Bruta adotado para elaboração do orçamento foi SEM Desoneração, e que esta é a alternativa mais adequada para a Administração Pública.
A50: Fornecimento de Materiais e Equipamentos (aquisição indireta - em conjunto com licitação de obras) | B50: AC | C50: =CONCATENATE(A50,"-",B50) -> Fornecimento de Materiais e Equipamentos (aquisição indireta - em conjunto com licitação de obras)-AC | E50: 0.015 | F50: 0.0345 | G50: 0.0449
A51: =A50 -> Fornecimento de Materiais e Equipamentos (aquisição indireta - em conjunto com licitação de obras) | B51: SG | C51: =CONCATENATE(A51,"-",B51) -> Fornecimento de Materiais e Equipamentos (aquisição indireta - em conjunto com licitação de obras)-SG | E51: 0.003 | F51: 0.0048 | G51: 0.0082 | I51: Observações:
A52: =A51 -> Fornecimento de Materiais e Equipamentos (aquisição indireta - em conjunto com licitação de obras) | B52: R | C52: =CONCATENATE(A52,"-",B52) -> Fornecimento de Materiais e Equipamentos (aquisição indireta - em conjunto com licitação de obras)-R | E52: 0.0056 | F52: 0.0085 | G52: 0.0089
A53: =A52 -> Fornecimento de Materiais e Equipamentos (aquisição indireta - em conjunto com licitação de obras) | B53: DF | C53: =CONCATENATE(A53,"-",B53) -> Fornecimento de Materiais e Equipamentos (aquisição indireta - em conjunto com licitação de obras)-DF | E53: 0.0085 | F53: 0.0085 | G53: 0.0111
A54: =A53 -> Fornecimento de Materiais e Equipamentos (aquisição indireta - em conjunto com licitação de obras) | B54: L | C54: =CONCATENATE(A54,"-",B54) -> Fornecimento de Materiais e Equipamentos (aquisição indireta - em conjunto com licitação de obras)-L | E54: 0.035 | F54: 0.0511 | G54: 0.0622 | I54: =DADOS!B5 -> SÃO FELIPE/BA | O54: =DADOS!B18 -> 45812
A55: =A54 -> Fornecimento de Materiais e Equipamentos (aquisição indireta - em conjunto com licitação de obras) | B55: BDI PAD | C55: =CONCATENATE(A55,"-",B55) -> Fornecimento de Materiais e Equipamentos (aquisição indireta - em conjunto com licitação de obras)-BDI PAD | E55: 0.111 | F55: 0.1402 | G55: 0.168 | I55: Local | O55: Data
A56: Estudos e Projetos, Planos e Gerenciamento e outros correlatos | B56: K1 | C56: =CONCATENATE(A56,"-",B56) -> Estudos e Projetos, Planos e Gerenciamento e outros correlatos-K1 | E56: - | F56: - | G56: -
A57: =A56 -> Estudos e Projetos, Planos e Gerenciamento e outros correlatos | B57: K2 | C57: =CONCATENATE(A57,"-",B57) -> Estudos e Projetos, Planos e Gerenciamento e outros correlatos-K2 | E57: - | F57: 0.2 | G57: -
A58: =A57 -> Estudos e Projetos, Planos e Gerenciamento e outros correlatos | C58: =CONCATENATE(A58,"-",B58) -> Estudos e Projetos, Planos e Gerenciamento e outros correlatos- | E58: - | F58: - | G58: - | I58: Responsável Técnico
A59: =A58 -> Estudos e Projetos, Planos e Gerenciamento e outros correlatos | C59: =CONCATENATE(A59,"-",B59) -> Estudos e Projetos, Planos e Gerenciamento e outros correlatos- | E59: - | F59: - | G59: - | I59: Nome: | J59: =DADOS!B15 -> Eliabe Vitória Souza
A60: =A59 -> Estudos e Projetos, Planos e Gerenciamento e outros correlatos | B60: K3 | C60: =CONCATENATE(A60,"-",B60) -> Estudos e Projetos, Planos e Gerenciamento e outros correlatos-K3 | E60: - | F60: 0.12 | G60: - | I60: Título: | J60: =DADOS!B16 -> Engenheiro Civil
A61: =A60 -> Estudos e Projetos, Planos e Gerenciamento e outros correlatos | B61: BDI PAD | C61: =CONCATENATE(A61,"-",B61) -> Estudos e Projetos, Planos e Gerenciamento e outros correlatos-BDI PAD | E61: - | F61: - | G61: - | I61: CREA/CAU: | J61: =DADOS!B17 -> CREA/BA:051487735-9
J62: 0
A64: Construção e Reforma de Edifícios
A65: Construção de Praças Urbanas, Rodovias, Ferrovias e recapeamento e pavimentação de vias urbanas
A66: Construção de Redes de Abastecimento de Água, Coleta de Esgoto
A67: Construção e Manutenção de Estações e Redes de Distribuição de Energia Elétrica
A68: Obras Portuárias, Marítimas e Fluviais
A69: Fornecimento de Materiais e Equipamentos (aquisição indireta - em conjunto com licitação de obras)
A70: Fornecimento de Materiais e Equipamentos (aquisição direta)
A71: Estudos e Projetos, Planos e Gerenciamento e outros correlatos

Sheet BDI (2)
E1: MIN | F1: MED | G1: MAX | N1: ="Quadro de Composição do BDI "&MID(CELL("nome.arquivo",N1),5+FIND("BDI (",CELL("nome.arquivo",N1)),1) -> Quadro de Composição do BDI 2
A2: Construção e Reforma de Edifícios | B2: AC | C2: =CONCATENATE(A2,"-",B2) -> Construção e Reforma de Edifícios-AC | E2: 0.03 | F2: 0.04 | G2: 0.055
A3: =A2 -> Construção e Reforma de Edifícios | B3: SG | C3: =CONCATENATE(A3,"-",B3) -> Construção e Reforma de Edifícios-SG | E3: 0.008 | F3: 0.008 | G3: 0.01
A4: =A3 -> Construção e Reforma de Edifícios | B4: R | C4: =CONCATENATE(A4,"-",B4) -> Construção e Reforma de Edifícios-R | E4: 0.0097 | F4: 0.0127 | G4: 0.0127 | I4: Nº TC/CR | K4: PROPONENTE / TOMADOR
A5: =A4 -> Construção e Reforma de Edifícios | B5: DF | C5: =CONCATENATE(A5,"-",B5) -> Construção e Reforma de Edifícios-DF | E5: 0.0059 | F5: 0.0123 | G5: 0.0139 | I5: 1039250-00 | K5: Prefeitura Municipal
A6: Construção de Praças Urbanas, Rodovias, Ferrovias e recapeamento e pavimentação de vias urbanas | B6: SG | C6: =CONCATENATE(A6,"-",B6) -> Construção de Praças Urbanas, Rodovias, Ferrovias e recapeamento e pavimentação de vias urbanas-SG | E6: 0.0032 | F6: 0.004 | G6: 0.0074
I7: LLES Engenharia e Projetos LTDA
I8: CNPJ 13.103.698/0001-12
I9: Rua Carlos Roque, 45, térreo – Centro – CEP 45-490-000, Laje - Ba TEL: (75) 99989 6598 – (75) 99805 2089, e-mail: contato@llesengenharia.com.br
I11: 01 – NOME DA PREFEITURA PROPONENTE: | N11: 02 – DESCRIÇÃO:
I12: =DADOS!B4 -> PREFEITURA MUNICIPAL DE SÃO FELIPE/BA | N12: =DADOS!B8 -> PAVIMENTAÇÃO ASFÁLTICA DIVERSAS RUAS, NO MUNICÍPIO DE SÃO FELIPE/BA
I13: 03 –LOCALIDADE: | N13: 04 –DATA:
I14: =DADOS!B5 -> SÃO FELIPE/BA | N14: =DADOS!B18 -> 45812
I16: QUADRO DE COMPOSIÇÃO DE BDI
A18: Construção de Praças Urbanas, Rodovias, Ferrovias e recapeamento e pavimentação de vias urbanas | B18: R | C18: =CONCATENATE(A18,"-",B18) -> Construção de Praças Urbanas, Rodovias, Ferrovias e recapeamento e pavimentação de vias urbanas-R | E18: 0.005 | F18: 0.0056 | G18: 0.0097 | I18: TIPO DE OBRA DO EMPREENDIMENTO | Q18: DESONERAÇÃO
A19: Construção de Praças Urbanas, Rodovias, Ferrovias e recapeamento e pavimentação de vias urbanas | B19: DF | C19: =CONCATENATE(A19,"-",B19) -> Construção de Praças Urbanas, Rodovias, Ferrovias e recapeamento e pavimentação de vias urbanas-DF | E19: 0.0102 | F19: 0.0111 | G19: 0.0121 | I19: Fornecimento de Materiais e Equipamentos (aquisição indireta - em conjunto com licitação de obras) | Q19: Não
A20: Construção de Praças Urbanas, Rodovias, Ferrovias e recapeamento e pavimentação de vias urbanas | B20: L | C20: =CONCATENATE(A20,"-",B20) -> Construção de Praças Urbanas, Rodovias, Ferrovias e recapeamento e pavimentação de vias urbanas-L | E20: 0.0664 | F20: 0.073 | G20: 0.0869
A21: Construção de Praças Urbanas, Rodovias, Ferrovias e recapeamento e pavimentação de vias urbanas | B21: BDI PAD | C21: =CONCATENATE(A21,"-",B21) -> Construção de Praças Urbanas, Rodovias, Ferrovias e recapeamento e pavimentação de vias urbanas-BDI PAD | E21: 0.196 | F21: 0.2097 | G21: 0.2423 | I21: Conforme legislação tributária municipal, definir estimativa de percentual da base de cálculo para o ISS: | Q21: 0.5
A22: Construção de Redes de Abastecimento de Água, Coleta de Esgoto | B22: AC | C22: =CONCATENATE(A22,"-",B22) -> Construção de Redes de Abastecimento de Água, Coleta de Esgoto-AC | E22: 0.0343 | F22: 0.0493 | G22: 0.0671 | I22: Sobre a base de cálculo, definir a respectiva alíquota do ISS (entre 2% e 5%): | Q22: 0.05
A23: =A22 -> Construção de Redes de Abastecimento de Água, Coleta de Esgoto | B23: SG | C23: =CONCATENATE(A23,"-",B23) -> Construção de Redes de Abastecimento de Água, Coleta de Esgoto-SG | E23: 0.0028 | F23: 0.0049 | G23: 0.0075
I24: Itens | M24: Siglas | N24: % Adotado | O24: Situação | P24: 1º Quartil | Q24: Médio | R24: 3º Quartil | T24: =IF(V35,"Para BDI fora do intervalo estatístico, deve ser apresentado Relatório Técnico Circunstanciado justificando a adoção do percentual de cada parcela do BDI.","")
A25: =A23 -> Construção de Redes de Abastecimento de Água, Coleta de Esgoto | B25: R | C25: =CONCATENATE(A25,"-",B25) -> Construção de Redes de Abastecimento de Água, Coleta de Esgoto-R | E25: 0.01 | F25: 0.0139 | G25: 0.0174
A26: =A25 -> Construção de Redes de Abastecimento de Água, Coleta de Esgoto | B26: DF | C26: =CONCATENATE(A26,"-",B26) -> Construção de Redes de Abastecimento de Água, Coleta de Esgoto-DF | E26: 0.0094 | F26: 0.0099 | G26: 0.0117 | I26: =IF($I$19=$A$67,"Encargos Sociais incidentes sobre a mão de obra","Administração Central") -> Administração Central | M26: =IF($I$19=$A$67,"K1","AC") -> AC | N26: 0.0345 | O26: - | P26: =VLOOKUP(CONCATENATE(I$19,"-",M26),$C$2:$G$57,3,FALSE) -> 0.015 | Q26: =VLOOKUP(CONCATENATE(I$19,"-",M26),$C$2:$G$57,4,FALSE) -> 0.0345 | R26: =VLOOKUP(CONCATENATE(I$19,"-",M26),$C$2:$G$57,5,FALSE) -> 0.0449
A27: =A26 -> Construção de Redes de Abastecimento de Água, Coleta de Esgoto | B27: L | C27: =CONCATENATE(A27,"-",B27) -> Construção de Redes de Abastecimento de Água, Coleta de Esgoto-L | E27: 0.0674 | F27: 0.0804 | G27: 0.094 | I27: =IF($I$19=$A$67,"Administração Central da empresa ou consultoria - overhead","Seguro e Garantia") -> Seguro e Garantia | M27: =IF($I$19=$A$67,"K2","SG") -> SG | N27: 0.0048 | O27: - | P27: =VLOOKUP(CONCATENATE(I$19,"-",M27),$C$2:$G$57,3,FALSE) -> 0.003 | Q27: =VLOOKUP(CONCATENATE(I$19,"-",M27),$C$2:$G$57,4,FALSE) -> 0.0048 | R27: =VLOOKUP(CONCATENATE(I$19,"-",M27),$C$2:$G$57,5,FALSE) -> 0.0082
A28: =A27 -> Construção de Redes de Abastecimento de Água, Coleta de Esgoto | B28: BDI PAD | C28: =CONCATENATE(A28,"-",B28) -> Construção de Redes de Abastecimento de Água, Coleta de Esgoto-BDI PAD | E28: 0.2076 | F28: 0.2418 | G28: 0.2644 | I28: =IF($I$19=$A$67,"","Risco") -> Risco | M28: =IF($I$19=$A$67,"","R") -> R | N28: 0.0085 | O28: - | P28: =VLOOKUP(CONCATENATE(I$19,"-",M28),$C$2:$G$57,3,FALSE) -> 0.0056 | Q28: =VLOOKUP(CONCATENATE(I$19,"-",M28),$C$2:$G$57,4,FALSE) -> 0.0085 | R28: =VLOOKUP(CONCATENATE(I$19,"-",M28),$C$2:$G$57,5,FALSE) -> 0.0089
A29: Construção e Manutenção de Estações e Redes de Distribuição de Energia Elétrica | B29: AC | C29: =CONCATENATE(A29,"-",B29) -> Construção e Manutenção de Estações e Redes de Distribuição de Energia Elétrica-AC | E29: 0.0529 | F29: 0.0592 | G29: 0.0793 | I29: =IF($I$19=$A$67,"","Despesas Financeiras") -> Despesas Financeiras | M29: =IF($I$19=$A$67,"","DF") -> DF | N29: 0.0085 | O29: - | P29: =VLOOKUP(CONCATENATE(I$19,"-",M29),$C$2:$G$57,3,FALSE) -> 0.0085 | Q29: =VLOOKUP(CONCATENATE(I$19,"-",M29),$C$2:$G$57,4,FALSE) -> 0.0085 | R29: =VLOOKUP(CONCATENATE(I$19,"-",M29),$C$2:$G$57,5,FALSE) -> 0.0111
A30: =A29 -> Construção e Manutenção de Estações e Redes de Distribuição de Energia Elétrica | B30: SG | C30: =CONCATENATE(A30,"-",B30) -> Construção e Manutenção de Estações e Redes de Distribuição de Energia Elétrica-SG | E30: 0.0025 | F30: 0.0051 | G30: 0.0056 | I30: =IF($I$19=$A$67,"Margem bruta da empresa de consultoria","Lucro") -> Lucro | M30: =IF($I$19=$A$67,"K3","L") -> L | N30: 0.035 | O30: - | P30: =VLOOKUP(CONCATENATE(I$19,"-",M30),$C$2:$G$57,3,FALSE) -> 0.035 | Q30: =VLOOKUP(CONCATENATE(I$19,"-",M30),$C$2:$G$57,4,FALSE) -> 0.0511 | R30: =VLOOKUP(CONCATENATE(I$19,"-",M30),$C$2:$G$57,5,FALSE) -> 0.0622
A31: =A30 -> Construção e Manutenção de Estações e Redes de Distribuição de Energia Elétrica | B31: R | C31: =CONCATENATE(A31,"-",B31) -> Construção e Manutenção de Estações e Redes de Distribuição de Energia Elétrica-R | E31: 0.01 | F31: 0.0148 | G31: 0.0197 | I31: Tributos (impostos COFINS 3%, e PIS 0,65%) | M31: CP | N31: 0.0365 | O31: - | P31: 0.0365 | Q31: 0.0365 | R31: 0.0365
A32: =A31 -> Construção e Manutenção de Estações e Redes de Distribuição de Energia Elétrica | B32: DF | C32: =CONCATENATE(A32,"-",B32) -> Construção e Manutenção de Estações e Redes de Distribuição de Energia Elétrica-DF | E32: 0.0101 | F32: 0.0107 | G32: 0.0111 | I32: Tributos (ISS, variável de acordo com o município) | M32: ISS | N32: =IF($I$19<>$A$66,Q22*Q21,0) -> 0.025 | O32: - | P32: 0 | Q32: 0.025 | R32: 0.05
A33: =A32 -> Construção e Manutenção de Estações e Redes de Distribuição de Energia Elétrica | B33: L | C33: =CONCATENATE(A33,"-",B33) -> Construção e Manutenção de Estações e Redes de Distribuição de Energia Elétrica-L | E33: 0.08 | F33: 0.0831 | G33: 0.0951 | I33: Tributos (Contribuição Previdenciária sobre a Receita Bruta - 0% ou 4,5% - Desoneração) | M33: CPRB | N33: =IF(AND($I$19<>$A$66,Q19="Sim"),4.5%,0%) -> 0 | O33: =IF(AND(N33>=P33, N33<=R33), "OK", "Não OK") -> OK | P33: 0 | Q33: 0.045 | R33: 0.045
A34: =A33 -> Construção e Manutenção de Estações e Redes de Distribuição de Energia Elétrica | B34: BDI PAD | C34: =CONCATENATE(A34,"-",B34) -> Construção e Manutenção de Estações e Redes de Distribuição de Energia Elétrica-BDI PAD | E34: 0.24 | F34: 0.2584 | G34: 0.2786 | I34: BDI SEM desoneração (Fórmula Acórdão TCU) | M34: BDI PAD | N34: =IF($I$19=$A$66,0,ROUND((((1+N26+N27+N28)*(1+N29)*(1+N30)/(1-(N31+N32)))-1),4)) -> 0.1654 | O34: =IF(OR($I$19=$A$67,$I$19=$A$66,AND(N34>=P34, N34<=R34)), "OK", "FORA DO INTERVALO") -> OK | P34: =IF($I$19=$A$66,0,VLOOKUP(CONCATENATE($I$19,"-",$M34),$C$2:$G$57,3,FALSE)) -> 0.111 | Q34: =IF($I$19=$A$66,0,VLOOKUP(CONCATENATE($I$19,"-",$M34),$C$2:$G$57,4,FALSE)) -> 0.1402 | R34: =IF($I$19=$A$66,0,VLOOKUP(CONCATENATE($I$19,"-",$M34),$C$2:$G$57,5,FALSE)) -> 0.168
A35: Obras Portuárias, Marítimas e Fluviais | B35: AC | C35: =CONCATENATE(A35,"-",B35) -> Obras Portuárias, Marítimas e Fluviais-AC | E35: 0.04 | F35: 0.0552 | G35: 0.0785 | I35: BDI COM desoneração | M35: BDI DES | N35: =IF($I$19=$A$66,0,ROUND((((1+N26+N27+N28)*(1+N29)*(1+N30)/(1-(N31+N32+N33)))-1),4)) -> 0.1654 | O35: =IF(Q19<>"Sim","",O34) | V35: =AND(COUNTA(N26:N31)=6,O34<>"ok",NOT(V37)) -> FALSE | W35: pedir anexo
A36: =A35 -> Obras Portuárias, Marítimas e Fluviais | B36: SG | C36: =CONCATENATE(A36,"-",B36) -> Obras Portuárias, Marítimas e Fluviais-SG | E36: 0.0081 | F36: 0.0122 | G36: 0.0199
A37: =A36 -> Obras Portuárias, Marítimas e Fluviais | B37: R | C37: =CONCATENATE(A37,"-",B37) -> Obras Portuárias, Marítimas e Fluviais-R | E37: 0.0146 | F37: 0.0232 | G37: 0.0316 | I37: =IF(V37,"X","") | J37: Anexo: Relatório Técnico Circunstanciado justificando a adoção do percentual de cada parcela do BDI. | V37: FALSE | W37: anexo apresentado
I39: Os valores de BDI foram calculados com o emprego da fórmula:
A40: =A37 -> Obras Portuárias, Marítimas e Fluviais | B40: DF | C40: =CONCATENATE(A40,"-",B40) -> Obras Portuárias, Marítimas e Fluviais-DF | E40: 0.0094 | F40: 0.0102 | G40: 0.0133 | L40: =IF(Q19="Sim","BDI.DES =","BDI.PAD =") -> BDI.PAD = | M40: =IF($I$19=$A$67,"(1+K1+K2)*(1+K3)","(1+AC + S + R + G)*(1 + DF)*(1+L)") -> (1+AC + S + R + G)*(1 + DF)*(1+L) | P40: - 1
A41: =A40 -> Obras Portuárias, Marítimas e Fluviais | B41: L | C41: =CONCATENATE(A41,"-",B41) -> Obras Portuárias, Marítimas e Fluviais-L | E41: 0.0714 | F41: 0.084 | G41: 0.1043 | M41: =IF(Q19="Sim","(1-CP-ISS-CRPB)","(1-CP-ISS)") -> (1-CP-ISS)
A42: =A41 -> Obras Portuárias, Marítimas e Fluviais | B42: BDI PAD | C42: =CONCATENATE(A42,"-",B42) -> Obras Portuárias, Marítimas e Fluviais-BDI PAD | E42: 0.228 | F42: 0.2748 | G42: 0.3095
I43: =CONCATENATE("Declaro para os devidos fins que, conforme legislação tributária municipal, a base de cálculo para ",I19,", é de ",Q21*100,"%, com a respectiva alíquota de ",Q22*100,"%.") -> Declaro para os devidos fins que, conforme legislação tributária municipal, a base de cálculo para Fornecimento de Materiais e Equipamentos (aquisição indireta - em conjunto com licitação de obras), é de 50%, com a respectiva alíquota de 5%.
I45: =CONCATENATE("Declaro para os devidos fins que o regime de Contribuição Previdenciária sobre a Receita Bruta adotado para elaboração do orçamento foi ",IF(Q19="Sim","COM","SEM")," Desoneração, e que esta é a alternativa mais adequada para a Administração Pública.") -> Declaro para os devidos fins que o regime de Contribuição Previdenciária sobre a Receita Bruta adotado para elaboração do orçamento foi SEM Desoneração, e que esta é a alternativa mais adequada para a Administração Pública.
A46: Fornecimento de Materiais e Equipamentos (aquisição indireta - em conjunto com licitação de obras) | B46: AC | C46: =CONCATENATE(A46,"-",B46) -> Fornecimento de Materiais e Equipamentos (aquisição indireta - em conjunto com licitação de obras)-AC | E46: 0.015 | F46: 0.0345 | G46: 0.0449
A47: =A46 -> Fornecimento de Materiais e Equipamentos (aquisição indireta - em conjunto com licitação de obras) | B47: SG | C47: =CONCATENATE(A47,"-",B47) -> Fornecimento de Materiais e Equipamentos (aquisição indireta - em conjunto com licitação de obras)-SG | E47: 0.003 | F47: 0.0048 | G47: 0.0082 | I47: Observações:
A48: =A47 -> Fornecimento de Materiais e Equipamentos (aquisição indireta - em conjunto com licitação de obras) | B48: R | C48: =CONCATENATE(A48,"-",B48) -> Fornecimento de Materiais e Equipamentos (aquisição indireta - em conjunto com licitação de obras)-R | E48: 0.0056 | F48: 0.0085 | G48: 0.0089
A49: =A48 -> Fornecimento de Materiais e Equipamentos (aquisição indireta - em conjunto com licitação de obras) | B49: DF | C49: =CONCATENATE(A49,"-",B49) -> Fornecimento de Materiais e Equipamentos (aquisição indireta - em conjunto com licitação de obras)-DF | E49: 0.0085 | F49: 0.0085 | G49: 0.0111
A50: =A49 -> Fornecimento de Materiais e Equipamentos (aquisição indireta - em conjunto com licitação de obras) | B50: L | C50: =CONCATENATE(A50,"-",B50) -> Fornecimento de Materiais e Equipamentos (aquisição indireta - em conjunto com licitação de obras)-L | E50: 0.035 | F50: 0.0511 | G50: 0.0622 | I50: =DADOS!B5 -> SÃO FELIPE/BA | O50: =DADOS!B18 -> 45812
A51: =A50 -> Fornecimento de Materiais e Equipamentos (aquisição indireta - em conjunto com licitação de obras) | B51: BDI PAD | C51: =CONCATENATE(A51,"-",B51) -> Fornecimento de Materiais e Equipamentos (aquisição indireta - em conjunto com licitação de obras)-BDI PAD | E51: 0.111 | F51: 0.1402 | G51: 0.168 | I51: Local | O51: Data
A52: Estudos e Projetos, Planos e Gerenciamento e outros correlatos | B52: K1 | C52: =CONCATENATE(A52,"-",B52) -> Estudos e Projetos, Planos e Gerenciamento e outros correlatos-K1 | E52: - | F52: - | G52: -
A53: =A52 -> Estudos e Projetos, Planos e Gerenciamento e outros correlatos | B53: K2 | C53: =CONCATENATE(A53,"-",B53) -> Estudos e Projetos, Planos e Gerenciamento e outros correlatos-K2 | E53: - | F53: 0.2 | G53: -
A54: =A53 -> Estudos e Projetos, Planos e Gerenciamento e outros correlatos | C54: =CONCATENATE(A54,"-",B54) -> Estudos e Projetos, Planos e Gerenciamento e outros correlatos- | E54: - | F54: - | G54: - | I54: Responsável Técnico
A55: =A54 -> Estudos e Projetos, Planos e Gerenciamento e outros correlatos | C55: =CONCATENATE(A55,"-",B55) -> Estudos e Projetos, Planos e Gerenciamento e outros correlatos- | E55: - | F55: - | G55: - | I55: Nome: | J55: =DADOS!B15 -> Eliabe Vitória Souza
A56: =A55 -> Estudos e Projetos, Planos e Gerenciamento e outros correlatos | B56: K3 | C56: =CONCATENATE(A56,"-",B56) -> Estudos e Projetos, Planos e Gerenciamento e outros correlatos-K3 | E56: - | F56: 0.12 | G56: - | I56: Título: | J56: =DADOS!B16 -> Engenheiro Civil
A57: =A56 -> Estudos e Projetos, Planos e Gerenciamento e outros correlatos | B57: BDI PAD | C57: =CONCATENATE(A57,"-",B57) -> Estudos e Projetos, Planos e Gerenciamento e outros correlatos-BDI PAD | E57: - | F57: - | G57: - | I57: CREA/CAU: | J57: =DADOS!B17 -> CREA/BA:051487735-9
J58: 0
A60: Construção e Reforma de Edifícios
A61: Construção de Praças Urbanas, Rodovias, Ferrovias e recapeamento e pavimentação de vias urbanas
A62: Construção de Redes de Abastecimento de Água, Coleta de Esgoto
A63: Construção e Manutenção de Estações e Redes de Distribuição de Energia Elétrica
A64: Obras Portuárias, Marítimas e Fluviais
A65: Fornecimento de Materiais e Equipamentos (aquisição indireta - em conjunto com licitação de obras)
A66: Fornecimento de Materiais e Equipamentos (aquisição direta)
A67: Estudos e Projetos, Planos e Gerenciamento e outros correlatos

Sheet SÃO SEBASTIAO
A1: LLES Engenharia e Projetos LTDA
A2: CNPJ 13.103.698/0001-12
A3: Rua Carlos Roque, 45, térreo – Centro – CEP 45-490-000, Laje - Ba TEL: (75) 99989 6598 – (75) 99805 2089, e-mail: contato@llesengenharia.com.br
A5: 01 – NOME DA PREFEITURA PROPONENTE: | E5: 02 – DESCRIÇÃO:
A6: =DADOS!B4 -> PREFEITURA MUNICIPAL DE SÃO FELIPE/BA | E6: =DADOS!B8 -> PAVIMENTAÇÃO ASFÁLTICA DIVERSAS RUAS, NO MUNICÍPIO DE SÃO FELIPE/BA | K6: BDI | L6: 1.2009
A7: 03 –LOCALIDADE: | E7: 04 –DATA: | G7: 05 - BANCOS: | I7: 06 - BDI
A8: =DADOS!B5 -> SÃO FELIPE/BA | E8: =DADOS!B18 -> 45812 | G8: =DADOS!B10 -> SINAPI - 01/2025 - Bahia SICRO3 - 10/2024 - Bahia ORSE - 12/2024 - Sergipe | I8: =DADOS!B11 -> 0.2009 | K8: Kappa PLANILHA: | L8: 1 | N8: Kappa ADM | O8: 1
A10: PLANILHA ORÇAMENTÁRIA INDIVIDUAL - RUA SÃO SEBASTIAO
A12: Item | B12: Código | C12: Banco | D12: Descrição | E12: Und | F12: Quant. | G12: Valor Unit CHEIO | H12: Valor Unit | I12: Valor Unit com BDI | J12: Total
A13: 1 | D13: ADMINISTRAÇÃO DE OBRA | J13: =SUM(J14:J15) -> #REF!
A14: 1.1 | B14: 93565 | C14: SINAPI | D14: ENGENHEIRO CIVIL DE OBRA JUNIOR COM ENCARGOS COMPLEMENTARES | E14: MES | F14: =ROUND(0.5*#REF!,2) -> #REF! | G14: 16317.85 | H14: =ROUND(G14*$O$8,2) -> 16317.85 | I14: =ROUND(H14*$L$6,2) -> 19596.11 | J14: =ROUND(I14*F14,2) -> #REF!
A15: 1.2 | B15: 93572 | C15: SINAPI | D15: ENCARREGADO GERAL DE OBRAS COM ENCARGOS COMPLEMENTARES | E15: MES | F15: =ROUND(0.5*#REF!,2) -> #REF! | G15: 5290.1 | H15: =ROUND(G15*$O$8,2) -> 5290.1 | I15: =ROUND(H15*$L$6,2) -> 6352.88 | J15: =ROUND(I15*F15,2) -> #REF!
A16: 2 | D16: SERVIÇOS PRELIMINARES | J16: =SUM(J17:J18) -> #REF!
A17: 2.1 | B17: CP08 | C17: Próprio | D17: SINAPI (74209/001) ATUALIZADO- PLACA DE OBRA EM CHAPA DE ACO GALVANIZADO | E17: m² | F17: =ROUND(0.5*#REF!,2) -> #REF! | G17: 394.37 | H17: =ROUND(G17*$L$8,2) -> 394.37 | I17: =ROUND(H17*$L$6,2) -> 473.6 | J17: =ROUND(I17*F17,2) -> #REF!
A18: 2.2 | B18: 93208 | C18: SINAPI | D18: EXECUÇÃO DE ALMOXARIFADO EM CANTEIRO DE OBRA EM CHAPA DE MADEIRA COMPENSADA, INCLUSO PRATELEIRAS. AF_02/2016 | E18: m² | F18: =ROUND(0.5*#REF!,2) -> #REF! | G18: 913.74 | H18: =ROUND(G18*$L$8,2) -> 913.74 | I18: =ROUND(H18*$L$6,2) -> 1097.31 | J18: =ROUND(I18*F18,2) -> #REF!
A19: 3 | D19: PAVIMENTAÇÃO | J19: =SUM(J20:J24) -> #REF!
A20: 3.3 | B20: 101852 | C20: SINAPI | D20: REASSENTAMENTO DE PARALELEPÍPEDOS, REJUNTAMENTO COM ARGAMASSA, COM REAPROVEITAMENTO DOS PARALELEPÍPEDOS - INCLUSO RETIRADA E COLOCAÇÃO DO MATERIAL. AF_12/2020 | E20: m² | F20: =ROUND(#REF!,2) -> #REF! | G20: 67.53 | H20: =ROUND(G20*$L$8,2) -> 67.53 | I20: =ROUND(H20*$L$6,2) -> 81.1 | J20: =ROUND(I20*F20,2) -> #REF!
A21: 3.1 | B21: COMP014 | C21: Próprio | D21: LIMPEZA DE RUAS (VARRIÇÃO E REMOÇÃO DE ENTULHOS) | E21: m² | F21: =ROUND(#REF!,2) -> #REF! | G21: 0.48 | H21: =ROUND(G21*$L$8,2) -> 0.48 | I21: =ROUND(H21*$L$6,2) -> 0.58 | J21: =ROUND(I21*F21,2) -> #REF!
A22: 3.2 | B22: 96402 | C22: SINAPI | D22: EXECUÇÃO DE PINTURA DE LIGAÇÃO COM EMULSÃO ASFÁLTICA RR-2C. AF_11/2019 | E22: m² | F22: =ROUND(#REF!,2) -> #REF! | G22: 2.13 | H22: =ROUND(G22*$L$8,2) -> 2.13 | I22: =ROUND(H22*$L$6,2) -> 2.56 | J22: =ROUND(I22*F22,2) -> #REF!
A23: 3.3 | B23: 95995 | C23: SINAPI | D23: EXECUÇÃO DE PAVIMENTO COM APLICAÇÃO DE CONCRETO ASFÁLTICO, CAMADA DE ROLAMENTO - EXCLUSIVE CARGA E TRANSPORTE. AF_11/2019 | E23: m³ | F23: =ROUND(#REF!,2) -> #REF! | G23: 1175.96 | H23: =ROUND(G23*$L$8,2) -> 1175.96 | I23: =ROUND(H23*$L$6,2) -> 1412.21 | J23: =ROUND(I23*F23,2) -> #REF!
A24: 3.4 | B24: 0179 | C24: Próprio | D24: Copia da SINAPI (95303) - TRANSPORTE COM CAMINHÃO BASCULANTE 10 M3 DE MASSA ASFALTICA PARA PAVIMENTAÇÃO URBANA | E24: M3XKM | F24: =ROUND(#REF!,2) -> #REF! | G24: 1.1 | H24: =ROUND(G24*$L$8,2) -> 1.1 | I24: =ROUND(H24*$L$6,2) -> 1.32 | J24: =ROUND(I24*F24,2) -> #REF!
A25: 4 | D25: SINALIZAÇÃO VIÁRIA | J25: =SUM(J26:J28) -> #REF!
A26: 4.1 | B26: 102512 | C26: SINAPI | D26: PINTURA DE EIXO VIÁRIO SOBRE ASFALTO COM TINTA RETRORREFLETIVA A BASE DE RESINA ACRÍLICA COM MICROESFERAS DE VIDRO, APLICAÇÃO MECÂNICA COM DEMARCADORA AUTOPROPELIDA. AF_05/2021 | E26: M | F26: =ROUND(#REF!,2) -> #REF! | G26: 4.12 | H26: =ROUND(G26*$L$8,2) -> 4.12 | I26: =ROUND(H26*$L$6,2) -> 4.95 | J26: =ROUND(I26*F26,2) -> #REF!
A27: 4.2 | B27: COMP008 | C27: Próprio | D27: PLACA DE SINALIZAÇÃO VERTICAL PERMANENTE, COM PLACA DE AÇO 60X60CM, COM POSTE DE AÇO GALVANIZADO H=3,00M - FORNECIMENTO E INSTALAÇÃO | E27: UN | F27: =ROUND(#REF!,2) -> #REF! | G27: 876.99 | H27: =ROUND(G27*$L$8,2) -> 876.99 | I27: =ROUND(H27*$L$6,2) -> 1053.18 | J27: =ROUND(I27*F27,2) -> #REF!
A28: 4.3 | B28: COMP011 | C28: Próprio | D28: Copia da SINAPI (73916/002) - PLACA ESMALTADA PARA IDENTIFICAÇÃO NR DE RUA, DIMENSÕES 45X25CM | E28: UN | F28: =ROUND(#REF!,2) -> #REF! | G28: 102.61 | H28: =ROUND(G28*$L$8,2) -> 102.61 | I28: =ROUND(H28*$L$6,2) -> 123.22 | J28: =ROUND(I28*F28,2) -> #REF!
H29: TOTAL GERAL: | J29: =J13+J16+J19+J25 -> #REF!
A36: =DADOS!B5 -> SÃO FELIPE/BA | H36: =DADOS!B18 -> 45812
A37: Local | H37: Data
A42: Responsável Técnico
A43: Nome: | C43: =DADOS!B15 -> Eliabe Vitória Souza
A44: Título: | C44: =DADOS!B16 -> Engenheiro Civil
A45: CREA/CAU: | C45: =DADOS!B17 -> CREA/BA:051487735-9

Sheet SÃO BENEDITO
A1: LLES Engenharia e Projetos LTDA
A2: CNPJ 13.103.698/0001-12
A3: Rua Carlos Roque, 45, térreo – Centro – CEP 45-490-000, Laje - Ba TEL: (75) 99989 6598 – (75) 99805 2089, e-mail: contato@llesengenharia.com.br
A5: 01 – NOME DA PREFEITURA PROPONENTE: | E5: 02 – DESCRIÇÃO:
A6: =DADOS!B4 -> PREFEITURA MUNICIPAL DE SÃO FELIPE/BA | E6: =DADOS!B8 -> PAVIMENTAÇÃO ASFÁLTICA DIVERSAS RUAS, NO MUNICÍPIO DE SÃO FELIPE/BA | K6: BDI | L6: 1.2009
A7: 03 –LOCALIDADE: | E7: 04 –DATA: | G7: 05 - BANCOS: | I7: 06 - BDI
A8: =DADOS!B5 -> SÃO FELIPE/BA | E8: =DADOS!B18 -> 45812 | G8: =DADOS!B10 -> SINAPI - 01/2025 - Bahia SICRO3 - 10/2024 - Bahia ORSE - 12/2024 - Sergipe | I8: =DADOS!B11 -> 0.2009 | K8: Kappa PLANILHA: | L8: 1 | N8: Kappa ADM | O8: 1
A10: PLANILHA ORÇAMENTÁRIA INDIVIDUAL - SÃO BENEDITO
A12: Item | B12: Código | C12: Banco | D12: Descrição | E12: Und | F12: Quant. | G12: Valor Unit CHEIO | H12: Valor Unit | I12: Valor Unit com BDI | J12: Total
A13: 1 | D13: ADMINISTRAÇÃO DE OBRA | J13: =SUM(J14:J15) -> #REF!
A14: 1.1 | B14: 93565 | C14: SINAPI | D14: ENGENHEIRO CIVIL DE OBRA JUNIOR COM ENCARGOS COMPLEMENTARES | E14: MES | F14: =ROUND(0.35*#REF!,2) -> #REF! | G14: 16317.85 | H14: =ROUND(G14*$O$8,2) -> 16317.85 | I14: =ROUND(H14*$L$6,2) -> 19596.11 | J14: =ROUND(I14*F14,2) -> #REF!
A15: 1.2 | B15: 93572 | C15: SINAPI | D15: ENCARREGADO GERAL DE OBRAS COM ENCARGOS COMPLEMENTARES | E15: MES | F15: =ROUND(0.35*#REF!,2) -> #REF! | G15: 5290.1 | H15: =ROUND(G15*$O$8,2) -> 5290.1 | I15: =ROUND(H15*$L$6,2) -> 6352.88 | J15: =ROUND(I15*F15,2) -> #REF!
A16: 2 | D16: SERVIÇOS PRELIMINARES | J16: =SUM(J17:J18) -> #REF!
A17: 2.1 | B17: CP08 | C17: Próprio | D17: SINAPI (74209/001) ATUALIZADO- PLACA DE OBRA EM CHAPA DE ACO GALVANIZADO | E17: m² | F17: =ROUND(0.35*#REF!,2) -> #REF! | G17: 394.37 | H17: =ROUND(G17*$L$8,2) -> 394.37 | I17: =ROUND(H17*$L$6,2) -> 473.6 | J17: =ROUND(I17*F17,2) -> #REF!
A18: 2.2 | B18: 93208 | C18: SINAPI | D18: EXECUÇÃO DE ALMOXARIFADO EM CANTEIRO DE OBRA EM CHAPA DE MADEIRA COMPENSADA, INCLUSO PRATELEIRAS. AF_02/2016 | E18: m² | F18: =ROUND(0.35*#REF!,2) -> #REF! | G18: 913.74 | H18: =ROUND(G18*$L$8,2) -> 913.74 | I18: =ROUND(H18*$L$6,2) -> 1097.31 | J18: =ROUND(I18*F18,2) -> #REF!
A19: 3 | D19: PAVIMENTAÇÃO | J19: =SUM(J20:J24) -> #REF!
A20: 3.3 | B20: 101852 | C20: SINAPI | D20: REASSENTAMENTO DE PARALELEPÍPEDOS, REJUNTAMENTO COM ARGAMASSA, COM REAPROVEITAMENTO DOS PARALELEPÍPEDOS - INCLUSO RETIRADA E COLOCAÇÃO DO MATERIAL. AF_12/2020 | E20: m² | F20: =ROUND(#REF!,2) -> #REF! | G20: 67.53 | H20: =ROUND(G20*$L$8,2) -> 67.53 | I20: =ROUND(H20*$L$6,2) -> 81.1 | J20: =ROUND(I20*F20,2) -> #REF!
A21: 3.1 | B21: COMP014 | C21: Próprio | D21: LIMPEZA DE RUAS (VARRIÇÃO E REMOÇÃO DE ENTULHOS) | E21: m² | F21: =ROUND(#REF!,2) -> #REF! | G21: 0.48 | H21: =ROUND(G21*$L$8,2) -> 0.48 | I21: =ROUND(H21*$L$6,2) -> 0.58 | J21: =ROUND(I21*F21,2) -> #REF!
A22: 3.2 | B22: 96402 | C22: SINAPI | D22: EXECUÇÃO DE PINTURA DE LIGAÇÃO COM EMULSÃO ASFÁLTICA RR-2C. AF_11/2019 | E22: m² | F22: =ROUND(#REF!,2) -> #REF! | G22: 2.13 | H22: =ROUND(G22*$L$8,2) -> 2.13 | I22: =ROUND(H22*$L$6,2) -> 2.56 | J22: =ROUND(I22*F22,2) -> #REF!
A23: 3.3 | B23: 95995 | C23: SINAPI | D23: EXECUÇÃO DE PAVIMENTO COM APLICAÇÃO DE CONCRETO ASFÁLTICO, CAMADA DE ROLAMENTO - EXCLUSIVE CARGA E TRANSPORTE. AF_11/2019 | E23: m³ | F23: =ROUND(#REF!,2) -> #REF! | G23: 1175.96 | H23: =ROUND(G23*$L$8,2) -> 1175.96 | I23: =ROUND(H23*$L$6,2) -> 1412.21 | J23: =ROUND(I23*F23,2) -> #REF!
A24: 3.4 | B24: 0179 | C24: Próprio | D24: Copia da SINAPI (95303) - TRANSPORTE COM CAMINHÃO BASCULANTE 10 M3 DE MASSA ASFALTICA PARA PAVIMENTAÇÃO URBANA | E24: M3XKM | F24: =ROUND(#REF!,2) -> #REF! | G24: 1.1 | H24: =ROUND(G24*$L$8,2) -> 1.1 | I24: =ROUND(H24*$L$6,2) -> 1.32 | J24: =ROUND(I24*F24,2) -> #REF!
A25: 4 | D25: SINALIZAÇÃO VIÁRIA | J25: =SUM(J26:J28) -> #REF!
A26: 4.1 | B26: 102512 | C26: SINAPI | D26: PINTURA DE EIXO VIÁRIO SOBRE ASFALTO COM TINTA RETRORREFLETIVA A BASE DE RESINA ACRÍLICA COM MICROESFERAS DE VIDRO, APLICAÇÃO MECÂNICA COM DEMARCADORA AUTOPROPELIDA. AF_05/2021 | E26: M | F26: =ROUND(#REF!,2) -> #REF! | G26: 4.12 | H26: =ROUND(G26*$L$8,2) -> 4.12 | I26: =ROUND(H26*$L$6,2) -> 4.95 | J26: =ROUND(I26*F26,2) -> #REF!
A27: 4.2 | B27: COMP008 | C27: Próprio | D27: PLACA DE SINALIZAÇÃO VERTICAL PERMANENTE, COM PLACA DE AÇO 60X60CM, COM POSTE DE AÇO GALVANIZADO H=3,00M - FORNECIMENTO E INSTALAÇÃO | E27: UN | F27: =ROUND(#REF!,2) -> #REF! | G27: 876.99 | H27: =ROUND(G27*$L$8,2) -> 876.99 | I27: =ROUND(H27*$L$6,2) -> 1053.18 | J27: =ROUND(I27*F27,2) -> #REF!
A28: 4.3 | B28: COMP011 | C28: Próprio | D28: Copia da SINAPI (73916/002) - PLACA ESMALTADA PARA IDENTIFICAÇÃO NR DE RUA, DIMENSÕES 45X25CM | E28: UN | F28: =ROUND(#REF!,2) -> #REF! | G28: 102.61 | H28: =ROUND(G28*$L$8,2) -> 102.61 | I28: =ROUND(H28*$L$6,2) -> 123.22 | J28: =ROUND(I28*F28,2) -> #REF!
H29: TOTAL GERAL: | J29: =J13+J16+J19+J25 -> #REF!
A36: =DADOS!B5 -> SÃO FELIPE/BA | H36: =DADOS!B18 -> 45812
A37: Local | H37: Data
A42: Responsável Técnico
A43: Nome: | C43: =DADOS!B15 -> Eliabe Vitória Souza
A44: Título: | C44: =DADOS!B16 -> Engenheiro Civil
A45: CREA/CAU: | C45: =DADOS!B17 -> CREA/BA:051487735-9

Sheet RUA DA LINHA
A1: LLES Engenharia e Projetos LTDA
A2: CNPJ 13.103.698/0001-12
A3: Rua Carlos Roque, 45, térreo – Centro – CEP 45-490-000, Laje - Ba TEL: (75) 99989 6598 – (75) 99805 2089, e-mail: contato@llesengenharia.com.br
A5: 01 – NOME DA PREFEITURA PROPONENTE: | E5: 02 – DESCRIÇÃO:
A6: =DADOS!B4 -> PREFEITURA MUNICIPAL DE SÃO FELIPE/BA | E6: =DADOS!B8 -> PAVIMENTAÇÃO ASFÁLTICA DIVERSAS RUAS, NO MUNICÍPIO DE SÃO FELIPE/BA | K6: BDI | L6: 1.2009
A7: 03 –LOCALIDADE: | E7: 04 –DATA: | G7: 05 - BANCOS: | I7: 06 - BDI
A8: =DADOS!B5 -> SÃO FELIPE/BA | E8: =DADOS!B18 -> 45812 | G8: =DADOS!B10 -> SINAPI - 01/2025 - Bahia SICRO3 - 10/2024 - Bahia ORSE - 12/2024 - Sergipe | I8: =DADOS!B11 -> 0.2009 | K8: Kappa PLANILHA: | L8: 1 | N8: Kappa ADM | O8: 1
A10: PLANILHA ORÇAMENTÁRIA INDIVIDUAL - RUA DA LINHA
A12: Item | B12: Código | C12: Banco | D12: Descrição | E12: Und | F12: Quant. | G12: Valor Unit CHEIO | H12: Valor Unit | I12: Valor Unit com BDI | J12: Total
A13: 1 | D13: ADMINISTRAÇÃO DE OBRA | J13: =SUM(J14:J15) -> #REF!
A14: 1.1 | B14: 93565 | C14: SINAPI | D14: ENGENHEIRO CIVIL DE OBRA JUNIOR COM ENCARGOS COMPLEMENTARES | E14: MES | F14: =ROUND(0.15*#REF!,2) -> #REF! | G14: 16317.85 | H14: =ROUND(G14*$O$8,2) -> 16317.85 | I14: =ROUND(H14*$L$6,2) -> 19596.11 | J14: =ROUND(I14*F14,2) -> #REF!
A15: 1.2 | B15: 93572 | C15: SINAPI | D15: ENCARREGADO GERAL DE OBRAS COM ENCARGOS COMPLEMENTARES | E15: MES | F15: =ROUND(0.15*#REF!,2) -> #REF! | G15: 5290.1 | H15: =ROUND(G15*$O$8,2) -> 5290.1 | I15: =ROUND(H15*$L$6,2) -> 6352.88 | J15: =ROUND(I15*F15,2) -> #REF!
A16: 2 | D16: SERVIÇOS PRELIMINARES | J16: =SUM(J17:J18) -> #REF!
A17: 2.1 | B17: CP08 | C17: Próprio | D17: SINAPI (74209/001) ATUALIZADO- PLACA DE OBRA EM CHAPA DE ACO GALVANIZADO | E17: m² | F17: =ROUND(0.15*#REF!,2) -> #REF! | G17: 394.37 | H17: =ROUND(G17*$L$8,2) -> 394.37 | I17: =ROUND(H17*$L$6,2) -> 473.6 | J17: =ROUND(I17*F17,2) -> #REF!
A18: 2.2 | B18: 93208 | C18: SINAPI | D18: EXECUÇÃO DE ALMOXARIFADO EM CANTEIRO DE OBRA EM CHAPA DE MADEIRA COMPENSADA, INCLUSO PRATELEIRAS. AF_02/2016 | E18: m² | F18: =ROUND(0.15*#REF!,2) -> #REF! | G18: 913.74 | H18: =ROUND(G18*$L$8,2) -> 913.74 | I18: =ROUND(H18*$L$6,2) -> 1097.31 | J18: =ROUND(I18*F18,2) -> #REF!
A19: 3 | D19: PAVIMENTAÇÃO | H19: =ROUND(G19*$L$8,2) -> 0 | I19: =ROUND(H19*$L$6,2) -> 0 | J19: =SUM(J20:J24) -> #REF!
A20: 3.3 | B20: 101852 | C20: SINAPI | D20: REASSENTAMENTO DE PARALELEPÍPEDOS, REJUNTAMENTO COM ARGAMASSA, COM REAPROVEITAMENTO DOS PARALELEPÍPEDOS - INCLUSO RETIRADA E COLOCAÇÃO DO MATERIAL. AF_12/2020 | E20: m² | F20: =ROUND(#REF!,2) -> #REF! | G20: 67.53 | H20: =ROUND(G20*$L$8,2) -> 67.53 | I20: =ROUND(H20*$L$6,2) -> 81.1 | J20: =ROUND(I20*F20,2) -> #REF!
A21: 3.1 | B21: COMP014 | C21: Próprio | D21: LIMPEZA DE RUAS (VARRIÇÃO E REMOÇÃO DE ENTULHOS) | E21: m² | F21: =ROUND(#REF!,2) -> #REF! | G21: 0.48 | H21: =ROUND(G21*$L$8,2) -> 0.48 | I21: =ROUND(H21*$L$6,2) -> 0.58 | J21: =ROUND(I21*F21,2) -> #REF!
A22: 3.2 | B22: 96402 | C22: SINAPI | D22: EXECUÇÃO DE PINTURA DE LIGAÇÃO COM EMULSÃO ASFÁLTICA RR-2C. AF_11/2019 | E22: m² | F22: =ROUND(#REF!,2) -> #REF! | G22: 2.13 | H22: =ROUND(G22*$L$8,2) -> 2.13 | I22: =ROUND(H22*$L$6,2) -> 2.56 | J22: =ROUND(I22*F22,2) -> #REF!
A23: 3.3 | B23: 95995 | C23: SINAPI | D23: EXECUÇÃO DE PAVIMENTO COM APLICAÇÃO DE CONCRETO ASFÁLTICO, CAMADA DE ROLAMENTO - EXCLUSIVE CARGA E TRANSPORTE. AF_11/2019 | E23: m³ | F23: =ROUND(#REF!,2) -> #REF! | G23: 1175.96 | H23: =ROUND(G23*$L$8,2) -> 1175.96 | I23: =ROUND(H23*$L$6,2) -> 1412.21 | J23: =ROUND(I23*F23,2) -> #REF!
A24: 3.4 | B24: 0179 | C24: Próprio | D24: Copia da SINAPI (95303) - TRANSPORTE COM CAMINHÃO BASCULANTE 10 M3 DE MASSA ASFALTICA PARA PAVIMENTAÇÃO URBANA | E24: M3XKM | F24: =ROUND(#REF!,2) -> #REF! | G24: 1.1 | H24: =ROUND(G24*$L$8,2) -> 1.1 | I24: =ROUND(H24*$L$6,2) -> 1.32 | J24: =ROUND(I24*F24,2) -> #REF!
A25: 4 | D25: SINALIZAÇÃO VIÁRIA | H25: =ROUND(G25*$L$8,2) -> 0 | I25: =ROUND(H25*$L$6,2) -> 0 | J25: =SUM(J26:J28) -> #REF!
A26: 4.1 | B26: 102512 | C26: SINAPI | D26: PINTURA DE EIXO VIÁRIO SOBRE ASFALTO COM TINTA RETRORREFLETIVA A BASE DE RESINA ACRÍLICA COM MICROESFERAS DE VIDRO, APLICAÇÃO MECÂNICA COM DEMARCADORA AUTOPROPELIDA. AF_05/2021 | E26: M | F26: =ROUND(#REF!,2) -> #REF! | G26: 4.12 | H26: =ROUND(G26*$L$8,2) -> 4.12 | I26: =ROUND(H26*$L$6,2) -> 4.95 | J26: =ROUND(I26*F26,2) -> #REF!
A27: 4.2 | B27: COMP008 | C27: Próprio | D27: PLACA DE SINALIZAÇÃO VERTICAL PERMANENTE, COM PLACA DE AÇO 60X60CM, COM POSTE DE AÇO GALVANIZADO H=3,00M - FORNECIMENTO E INSTALAÇÃO | E27: UN | F27: =ROUND(#REF!,2) -> #REF! | G27: 876.99 | H27: =ROUND(G27*$L$8,2) -> 876.99 | I27: =ROUND(H27*$L$6,2) -> 1053.18 | J27: =ROUND(I27*F27,2) -> #REF!
A28: 4.3 | B28: COMP011 | C28: Próprio | D28: Copia da SINAPI (73916/002) - PLACA ESMALTADA PARA IDENTIFICAÇÃO NR DE RUA, DIMENSÕES 45X25CM | E28: UN | F28: =ROUND(#REF!,2) -> #REF! | G28: 102.61 | H28: =ROUND(G28*$L$8,2) -> 102.61 | I28: =ROUND(H28*$L$6,2) -> 123.22 | J28: =ROUND(I28*F28,2) -> #REF!
H29: TOTAL GERAL: | J29: =J13+J16+J19+J25 -> #REF!
A36: =DADOS!B5 -> SÃO FELIPE/BA | H36: =DADOS!B18 -> 45812
A37: Local | H37: Data
A42: Responsável Técnico
A43: Nome: | C43: =DADOS!B15 -> Eliabe Vitória Souza
A44: Título: | C44: =DADOS!B16 -> Engenheiro Civil
A45: CREA/CAU: | C45: =DADOS!B17 -> CREA/BA:051487735-9

Sheet BDI INSUMO
E1: MIN | F1: MED | G1: MAX | N1: ="Quadro de Composição do BDI "&MID(CELL("nome.arquivo",N1),5+FIND("BDI (",CELL("nome.arquivo",N1)),1) -> #VALUE!
A2: Construção e Reforma de Edifícios | B2: AC | C2: =CONCATENATE(A2,"-",B2) -> Construção e Reforma de Edifícios-AC | E2: 0.03 | F2: 0.04 | G2: 0.055
A3: =A2 -> Construção e Reforma de Edifícios | B3: SG | C3: =CONCATENATE(A3,"-",B3) -> Construção e Reforma de Edifícios-SG | E3: 0.008 | F3: 0.008 | G3: 0.01
A4: =A3 -> Construção e Reforma de Edifícios | B4: R | C4: =CONCATENATE(A4,"-",B4) -> Construção e Reforma de Edifícios-R | E4: 0.0097 | F4: 0.0127 | G4: 0.0127 | I4: Nº TC/CR | K4: PROPONENTE / TOMADOR
A5: =A4 -> Construção e Reforma de Edifícios | B5: DF | C5: =CONCATENATE(A5,"-",B5) -> Construção e Reforma de Edifícios-DF | E5: 0.0059 | F5: 0.0123 | G5: 0.0139 | I5: 1039250-00 | K5: Prefeitura Municipal
I6: QUADRO DE COMPOSIÇÃO DE BDI
A7: =A5 -> Construção e Reforma de Edifícios | B7: L | C7: =CONCATENATE(A7,"-",B7) -> Construção e Reforma de Edifícios-L | E7: 0.0616 | F7: 0.074 | G7: 0.0896
A8: =A7 -> Construção e Reforma de Edifícios | B8: BDI PAD | C8: =CONCATENATE(A8,"-",B8) -> Construção e Reforma de Edifícios-BDI PAD | E8: 0.2034 | F8: 0.2212 | G8: 0.25 | I8: OBJETO
A9: Construção de Praças Urbanas, Rodovias, Ferrovias e recapeamento e pavimentação de vias urbanas | B9: AC | C9: =CONCATENATE(A9,"-",B9) -> Construção de Praças Urbanas, Rodovias, Ferrovias e recapeamento e pavimentação de vias urbanas-AC | E9: 0.038 | F9: 0.0401 | G9: 0.0467 | I9: PROJETO DE SINALIZAÇÃO E ADEQUAÇÃO DO CANTEIRO
A10: Construção de Praças Urbanas, Rodovias, Ferrovias e recapeamento e pavimentação de vias urbanas | B10: SG | C10: =CONCATENATE(A10,"-",B10) -> Construção de Praças Urbanas, Rodovias, Ferrovias e recapeamento e pavimentação de vias urbanas-SG | E10: 0.0032 | F10: 0.004 | G10: 0.0074
I15: 01 – NOME DA PREFEITURA PROPONENTE: | N15: 02 – DESCRIÇÃO:
I16: =DADOS!B4 -> PREFEITURA MUNICIPAL DE SÃO FELIPE/BA | N16: =DADOS!B8 -> PAVIMENTAÇÃO ASFÁLTICA DIVERSAS RUAS, NO MUNICÍPIO DE SÃO FELIPE/BA
I17: 03 –LOCALIDADE: | N17: 04 –DATA:
I18: =DADOS!B5 -> SÃO FELIPE/BA | N18: =DADOS!B18 -> 45812
I20: QUADRO DE COMPOSIÇÃO DE BDI
A22: Construção de Praças Urbanas, Rodovias, Ferrovias e recapeamento e pavimentação de vias urbanas | B22: R | C22: =CONCATENATE(A22,"-",B22) -> Construção de Praças Urbanas, Rodovias, Ferrovias e recapeamento e pavimentação de vias urbanas-R | E22: 0.005 | F22: 0.0056 | G22: 0.0097 | I22: TIPO DE OBRA DO EMPREENDIMENTO | Q22: DESONERAÇÃO
A23: Construção de Praças Urbanas, Rodovias, Ferrovias e recapeamento e pavimentação de vias urbanas | B23: DF | C23: =CONCATENATE(A23,"-",B23) -> Construção de Praças Urbanas, Rodovias, Ferrovias e recapeamento e pavimentação de vias urbanas-DF | E23: 0.0102 | F23: 0.0111 | G23: 0.0121 | I23: Fornecimento de Materiais e Equipamentos (aquisição indireta - em conjunto com licitação de obras) | Q23: Não
A24: Construção de Praças Urbanas, Rodovias, Ferrovias e recapeamento e pavimentação de vias urbanas | B24: L | C24: =CONCATENATE(A24,"-",B24) -> Construção de Praças Urbanas, Rodovias, Ferrovias e recapeamento e pavimentação de vias urbanas-L | E24: 0.0664 | F24: 0.073 | G24: 0.0869
A25: Construção de Praças Urbanas, Rodovias, Ferrovias e recapeamento e pavimentação de vias urbanas | B25: BDI PAD | C25: =CONCATENATE(A25,"-",B25) -> Construção de Praças Urbanas, Rodovias, Ferrovias e recapeamento e pavimentação de vias urbanas-BDI PAD | E25: 0.196 | F25: 0.2097 | G25: 0.2423 | I25: Conforme legislação tributária municipal, definir estimativa de percentual da base de cálculo para o ISS: | Q25: 0.5
A26: Construção de Redes de Abastecimento de Água, Coleta de Esgoto | B26: AC | C26: =CONCATENATE(A26,"-",B26) -> Construção de Redes de Abastecimento de Água, Coleta de Esgoto-AC | E26: 0.0343 | F26: 0.0493 | G26: 0.0671 | I26: Sobre a base de cálculo, definir a respectiva alíquota do ISS (entre 2% e 5%): | Q26: 0.05
A27: =A26 -> Construção de Redes de Abastecimento de Água, Coleta de Esgoto | B27: SG | C27: =CONCATENATE(A27,"-",B27) -> Construção de Redes de Abastecimento de Água, Coleta de Esgoto-SG | E27: 0.0028 | F27: 0.0049 | G27: 0.0075
I28: Itens | M28: Siglas | N28: % Adotado | O28: Situação | P28: 1º Quartil | Q28: Médio | R28: 3º Quartil | T28: =IF(V39,"Para BDI fora do intervalo estatístico, deve ser apresentado Relatório Técnico Circunstanciado justificando a adoção do percentual de cada parcela do BDI.","")
A29: =A27 -> Construção de Redes de Abastecimento de Água, Coleta de Esgoto | B29: R | C29: =CONCATENATE(A29,"-",B29) -> Construção de Redes de Abastecimento de Água, Coleta de Esgoto-R | E29: 0.01 | F29: 0.0139 | G29: 0.0174
A30: =A29 -> Construção de Redes de Abastecimento de Água, Coleta de Esgoto | B30: DF | C30: =CONCATENATE(A30,"-",B30) -> Construção de Redes de Abastecimento de Água, Coleta de Esgoto-DF | E30: 0.0094 | F30: 0.0099 | G30: 0.0117 | I30: =IF($I$23=$A$71,"Encargos Sociais incidentes sobre a mão de obra","Administração Central") -> Administração Central | M30: =IF($I$23=$A$71,"K1","AC") -> AC | N30: 0.015 | O30: - | P30: =VLOOKUP(CONCATENATE(I$23,"-",M30),$C$2:$G$61,3,FALSE) -> 0.015 | Q30: =VLOOKUP(CONCATENATE(I$23,"-",M30),$C$2:$G$61,4,FALSE) -> 0.0345 | R30: =VLOOKUP(CONCATENATE(I$23,"-",M30),$C$2:$G$61,5,FALSE) -> 0.0449
A31: =A30 -> Construção de Redes de Abastecimento de Água, Coleta de Esgoto | B31: L | C31: =CONCATENATE(A31,"-",B31) -> Construção de Redes de Abastecimento de Água, Coleta de Esgoto-L | E31: 0.0674 | F31: 0.0804 | G31: 0.094 | I31: =IF($I$23=$A$71,"Administração Central da empresa ou consultoria - overhead","Seguro e Garantia") -> Seguro e Garantia | M31: =IF($I$23=$A$71,"K2","SG") -> SG | N31: 0.003 | O31: - | P31: =VLOOKUP(CONCATENATE(I$23,"-",M31),$C$2:$G$61,3,FALSE) -> 0.003 | Q31: =VLOOKUP(CONCATENATE(I$23,"-",M31),$C$2:$G$61,4,FALSE) -> 0.0048 | R31: =VLOOKUP(CONCATENATE(I$23,"-",M31),$C$2:$G$61,5,FALSE) -> 0.0082
A32: =A31 -> Construção de Redes de Abastecimento de Água, Coleta de Esgoto | B32: BDI PAD | C32: =CONCATENATE(A32,"-",B32) -> Construção de Redes de Abastecimento de Água, Coleta de Esgoto-BDI PAD | E32: 0.2076 | F32: 0.2418 | G32: 0.2644 | I32: =IF($I$23=$A$71,"","Risco") -> Risco | M32: =IF($I$23=$A$71,"","R") -> R | N32: 0.0056 | O32: - | P32: =VLOOKUP(CONCATENATE(I$23,"-",M32),$C$2:$G$61,3,FALSE) -> 0.0056 | Q32: =VLOOKUP(CONCATENATE(I$23,"-",M32),$C$2:$G$61,4,FALSE) -> 0.0085 | R32: =VLOOKUP(CONCATENATE(I$23,"-",M32),$C$2:$G$61,5,FALSE) -> 0.0089
A33: Construção e Manutenção de Estações e Redes de Distribuição de Energia Elétrica | B33: AC | C33: =CONCATENATE(A33,"-",B33) -> Construção e Manutenção de Estações e Redes de Distribuição de Energia Elétrica-AC | E33: 0.0529 | F33: 0.0592 | G33: 0.0793 | I33: =IF($I$23=$A$71,"","Despesas Financeiras") -> Despesas Financeiras | M33: =IF($I$23=$A$71,"","DF") -> DF | N33: 0.0085 | O33: - | P33: =VLOOKUP(CONCATENATE(I$23,"-",M33),$C$2:$G$61,3,FALSE) -> 0.0085 | Q33: =VLOOKUP(CONCATENATE(I$23,"-",M33),$C$2:$G$61,4,FALSE) -> 0.0085 | R33: =VLOOKUP(CONCATENATE(I$23,"-",M33),$C$2:$G$61,5,FALSE) -> 0.0111
A34: =A33 -> Construção e Manutenção de Estações e Redes de Distribuição de Energia Elétrica | B34: SG | C34: =CONCATENATE(A34,"-",B34) -> Construção e Manutenção de Estações e Redes de Distribuição de Energia Elétrica-SG | E34: 0.0025 | F34: 0.0051 | G34: 0.0056 | I34: =IF($I$23=$A$71,"Margem bruta da empresa de consultoria","Lucro") -> Lucro | M34: =IF($I$23=$A$71,"K3","L") -> L | N34: 0.035 | O34: - | P34: =VLOOKUP(CONCATENATE(I$23,"-",M34),$C$2:$G$61,3,FALSE) -> 0.035 | Q34: =VLOOKUP(CONCATENATE(I$23,"-",M34),$C$2:$G$61,4,FALSE) -> 0.0511 | R34: =VLOOKUP(CONCATENATE(I$23,"-",M34),$C$2:$G$61,5,FALSE) -> 0.0622
A35: =A34 -> Construção e Manutenção de Estações e Redes de Distribuição de Energia Elétrica | B35: R | C35: =CONCATENATE(A35,"-",B35) -> Construção e Manutenção de Estações e Redes de Distribuição de Energia Elétrica-R | E35: 0.01 | F35: 0.0148 | G35: 0.0197 | I35: Tributos (impostos COFINS 3%, e PIS 0,65%) | M35: CP | N35: 0.0365 | O35: - | P35: 0.0365 | Q35: 0.0365 | R35: 0.0365
A36: =A35 -> Construção e Manutenção de Estações e Redes de Distribuição de Energia Elétrica | B36: DF | C36: =CONCATENATE(A36,"-",B36) -> Construção e Manutenção de Estações e Redes de Distribuição de Energia Elétrica-DF | E36: 0.0101 | F36: 0.0107 | G36: 0.0111 | I36: Tributos (ISS, variável de acordo com o município) | M36: ISS | N36: =IF($I$23<>$A$70,Q26*Q25,0) -> 0.025 | O36: - | P36: 0 | Q36: 0.025 | R36: 0.05
A37: =A36 -> Construção e Manutenção de Estações e Redes de Distribuição de Energia Elétrica | B37: L | C37: =CONCATENATE(A37,"-",B37) -> Construção e Manutenção de Estações e Redes de Distribuição de Energia Elétrica-L | E37: 0.08 | F37: 0.0831 | G37: 0.0951 | I37: Tributos (Contribuição Previdenciária sobre a Receita Bruta - 0% ou 4,5% - Desoneração) | M37: CPRB | N37: =IF(AND($I$23<>$A$70,Q23="Sim"),4.5%,0%) -> 0 | O37: =IF(AND(N37>=P37, N37<=R37), "OK", "Não OK") -> OK | P37: 0 | Q37: 0.045 | R37: 0.045
A38: =A37 -> Construção e Manutenção de Estações e Redes de Distribuição de Energia Elétrica | B38: BDI PAD | C38: =CONCATENATE(A38,"-",B38) -> Construção e Manutenção de Estações e Redes de Distribuição de Energia Elétrica-BDI PAD | E38: 0.24 | F38: 0.2584 | G38: 0.2786 | I38: BDI SEM desoneração (Fórmula Acórdão TCU) | M38: BDI PAD | N38: =IF($I$23=$A$70,0,ROUND((((1+N30+N31+N32)*(1+N33)*(1+N34)/(1-(N35+N36)))-1),4)) -> 0.1384 | O38: =IF(OR($I$23=$A$71,$I$23=$A$70,AND(N38>=P38, N38<=R38)), "OK", "FORA DO INTERVALO") -> OK | P38: =IF($I$23=$A$70,0,VLOOKUP(CONCATENATE($I$23,"-",$M38),$C$2:$G$61,3,FALSE)) -> 0.111 | Q38: =IF($I$23=$A$70,0,VLOOKUP(CONCATENATE($I$23,"-",$M38),$C$2:$G$61,4,FALSE)) -> 0.1402 | R38: =IF($I$23=$A$70,0,VLOOKUP(CONCATENATE($I$23,"-",$M38),$C$2:$G$61,5,FALSE)) -> 0.168
A39: Obras Portuárias, Marítimas e Fluviais | B39: AC | C39: =CONCATENATE(A39,"-",B39) -> Obras Portuárias, Marítimas e Fluviais-AC | E39: 0.04 | F39: 0.0552 | G39: 0.0785 | I39: BDI COM desoneração | M39: BDI DES | N39: =IF($I$23=$A$70,0,ROUND((((1+N30+N31+N32)*(1+N33)*(1+N34)/(1-(N35+N36+N37)))-1),4)) -> 0.1384 | O39: =IF(Q23<>"Sim","",O38) | V39: =AND(COUNTA(N30:N35)=6,O38<>"ok",NOT(V41)) -> FALSE | W39: pedir anexo
A40: =A39 -> Obras Portuárias, Marítimas e Fluviais | B40: SG | C40: =CONCATENATE(A40,"-",B40) -> Obras Portuárias, Marítimas e Fluviais-SG | E40: 0.0081 | F40: 0.0122 | G40: 0.0199
A41: =A40 -> Obras Portuárias, Marítimas e Fluviais | B41: R | C41: =CONCATENATE(A41,"-",B41) -> Obras Portuárias, Marítimas e Fluviais-R | E41: 0.0146 | F41: 0.0232 | G41: 0.0316 | I41: =IF(V41,"X","") | J41: Anexo: Relatório Técnico Circunstanciado justificando a adoção do percentual de cada parcela do BDI. | V41: FALSE | W41: anexo apresentado
I43: Os valores de BDI foram calculados com o emprego da fórmula:
A44: =A41 -> Obras Portuárias, Marítimas e Fluviais | B44: DF | C44: =CONCATENATE(A44,"-",B44) -> Obras Portuárias, Marítimas e Fluviais-DF | E44: 0.0094 | F44: 0.0102 | G44: 0.0133 | L44: =IF(Q23="Sim","BDI.DES =","BDI.PAD =") -> BDI.PAD = | M44: =IF($I$23=$A$71,"(1+K1+K2)*(1+K3)","(1+AC + S + R + G)*(1 + DF)*(1+L)") -> (1+AC + S + R + G)*(1 + DF)*(1+L) | P44: - 1
A45: =A44 -> Obras Portuárias, Marítimas e Fluviais | B45: L | C45: =CONCATENATE(A45,"-",B45) -> Obras Portuárias, Marítimas e Fluviais-L | E45: 0.0714 | F45: 0.084 | G45: 0.1043 | M45: =IF(Q23="Sim","(1-CP-ISS-CRPB)","(1-CP-ISS)") -> (1-CP-ISS)
A46: =A45 -> Obras Portuárias, Marítimas e Fluviais | B46: BDI PAD | C46: =CONCATENATE(A46,"-",B46) -> Obras Portuárias, Marítimas e Fluviais-BDI PAD | E46: 0.228 | F46: 0.2748 | G46: 0.3095
I47: =CONCATENATE("Declaro para os devidos fins que, conforme legislação tributária municipal, a base de cálculo para ",I23,", é de ",Q25*100,"%, com a respectiva alíquota de ",Q26*100,"%.") -> Declaro para os devidos fins que, conforme legislação tributária municipal, a base de cálculo para Fornecimento de Materiais e Equipamentos (aquisição indireta - em conjunto com licitação de obras), é de 50%, com a respectiva alíquota de 5%.
I49: =CONCATENATE("Declaro para os devidos fins que o regime de Contribuição Previdenciária sobre a Receita Bruta adotado para elaboração do orçamento foi ",IF(Q23="Sim","COM","SEM")," Desoneração, e que esta é a alternativa mais adequada para a Administração Pública.") -> Declaro para os devidos fins que o regime de Contribuição Previdenciária sobre a Receita Bruta adotado para elaboração do orçamento foi SEM Desoneração, e que esta é a alternativa mais adequada para a Administração Pública.
A50: Fornecimento de Materiais e Equipamentos (aquisição indireta - em conjunto com licitação de obras) | B50: AC | C50: =CONCATENATE(A50,"-",B50) -> Fornecimento de Materiais e Equipamentos (aquisição indireta - em conjunto com licitação de obras)-AC | E50: 0.015 | F50: 0.0345 | G50: 0.0449
A51: =A50 -> Fornecimento de Materiais e Equipamentos (aquisição indireta - em conjunto com licitação de obras) | B51: SG | C51: =CONCATENATE(A51,"-",B51) -> Fornecimento de Materiais e Equipamentos (aquisição indireta - em conjunto com licitação de obras)-SG | E51: 0.003 | F51: 0.0048 | G51: 0.0082 | I51: Observações:
A52: =A51 -> Fornecimento de Materiais e Equipamentos (aquisição indireta - em conjunto com licitação de obras) | B52: R | C52: =CONCATENATE(A52,"-",B52) -> Fornecimento de Materiais e Equipamentos (aquisição indireta - em conjunto com licitação de obras)-R | E52: 0.0056 | F52: 0.0085 | G52: 0.0089
A53: =A52 -> Fornecimento de Materiais e Equipamentos (aquisição indireta - em conjunto com licitação de obras) | B53: DF | C53: =CONCATENATE(A53,"-",B53) -> Fornecimento de Materiais e Equipamentos (aquisição indireta - em conjunto com licitação de obras)-DF | E53: 0.0085 | F53: 0.0085 | G53: 0.0111
A54: =A53 -> Fornecimento de Materiais e Equipamentos (aquisição indireta - em conjunto com licitação de obras) | B54: L | C54: =CONCATENATE(A54,"-",B54) -> Fornecimento de Materiais e Equipamentos (aquisição indireta - em conjunto com licitação de obras)-L | E54: 0.035 | F54: 0.0511 | G54: 0.0622 | I54: =DADOS!B5 -> SÃO FELIPE/BA | O54: =DADOS!B18 -> 45812
A55: =A54 -> Fornecimento de Materiais e Equipamentos (aquisição indireta - em conjunto com licitação de obras) | B55: BDI PAD | C55: =CONCATENATE(A55,"-",B55) -> Fornecimento de Materiais e Equipamentos (aquisição indireta - em conjunto com licitação de obras)-BDI PAD | E55: 0.111 | F55: 0.1402 | G55: 0.168 | I55: Local | O55: Data
A56: Estudos e Projetos, Planos e Gerenciamento e outros correlatos | B56: K1 | C56: =CONCATENATE(A56,"-",B56) -> Estudos e Projetos, Planos e Gerenciamento e outros correlatos-K1 | E56: - | F56: - | G56: -
A57: =A56 -> Estudos e Projetos, Planos e Gerenciamento e outros correlatos | B57: K2 | C57: =CONCATENATE(A57,"-",B57) -> Estudos e Projetos, Planos e Gerenciamento e outros correlatos-K2 | E57: - | F57: 0.2 | G57: -
A58: =A57 -> Estudos e Projetos, Planos e Gerenciamento e outros correlatos | C58: =CONCATENATE(A58,"-",B58) -> Estudos e Projetos, Planos e Gerenciamento e outros correlatos- | E58: - | F58: - | G58: - | I58: Responsável Técnico
A59: =A58 -> Estudos e Projetos, Planos e Gerenciamento e outros correlatos | C59: =CONCATENATE(A59,"-",B59) -> Estudos e Projetos, Planos e Gerenciamento e outros correlatos- | E59: - | F59: - | G59: - | I59: Nome: | J59: =DADOS!B15 -> Eliabe Vitória Souza
A60: =A59 -> Estudos e Projetos, Planos e Gerenciamento e outros correlatos | B60: K3 | C60: =CONCATENATE(A60,"-",B60) -> Estudos e Projetos, Planos e Gerenciamento e outros correlatos-K3 | E60: - | F60: 0.12 | G60: - | I60: Título: | J60: =DADOS!B16 -> Engenheiro Civil
A61: =A60 -> Estudos e Projetos, Planos e Gerenciamento e outros correlatos | B61: BDI PAD | C61: =CONCATENATE(A61,"-",B61) -> Estudos e Projetos, Planos e Gerenciamento e outros correlatos-BDI PAD | E61: - | F61: - | G61: - | I61: CREA/CAU: | J61: =DADOS!B17 -> CREA/BA:051487735-9
J62: 0
A64: Construção e Reforma de Edifícios
A65: Construção de Praças Urbanas, Rodovias, Ferrovias e recapeamento e pavimentação de vias urbanas
A66: Construção de Redes de Abastecimento de Água, Coleta de Esgoto
A67: Construção e Manutenção de Estações e Redes de Distribuição de Energia Elétrica
A68: Obras Portuárias, Marítimas e Fluviais
A69: Fornecimento de Materiais e Equipamentos (aquisição indireta - em conjunto com licitação de obras)
A70: Fornecimento de Materiais e Equipamentos (aquisição direta)
A71: Estudos e Projetos, Planos e Gerenciamento e outros correlatos

Sheet PLQ
A5: 01 – NOME DA PREFEITURA PROPONENTE: | E5: 02 – DESCRIÇÃO:
A6: =DADOS!B4 -> PREFEITURA MUNICIPAL DE SÃO FELIPE/BA | E6: =DADOS!B8 -> PAVIMENTAÇÃO ASFÁLTICA DIVERSAS RUAS, NO MUNICÍPIO DE SÃO FELIPE/BA
A7: 03 –LOCALIDADE: | E7: 04 –DATA: | G7: 05 - DATA-BASE: | I7: 06 - BDI
A8: =DADOS!B5 -> SÃO FELIPE/BA | E8: =DADOS!B18 -> 45812 | G8: =[5]DADOS!B10 -> SINAPI - 04/2025 - Bahia SICRO3 - 01/2025 - Bahia ORSE - 02/2025 - Sergipe | I8: =DADOS!B11 -> 0.2009
A10: MEMÓRIA DE CÁLCULO
A12: CÓDIGO | B12: BANCO | C12: DESCRIÇÃO | D12: UNIDADE | E12: DADOS NUMÉRICOS | L12: MEMÓRIA DE CÁLCULO
A13: ADMINISTRAÇÃO LOCAL
A14: 90776 | B14: SINAPI | C14: ENCARREGADO GERAL COM ENCARGOS COMPLEMENTARES | D14: H | E14: Quantidade | F14: Meses | G14: Dias | H14: Horas | I14: Altura | J14: Porcentagem | K14: Total
F15: =F18 -> 12 | G15: 30 | H15: 6 | K15: =ROUND(F15*G15*H15,2) -> 2160
J16: =SUM(K15:K15) -> 2160 | K16: =D14 -> H | P16: =6500*3 -> 19500
A17: 90777 | B17: SINAPI | C17: ENGENHEIRO CIVIL DE OBRA JUNIOR COM ENCARGOS COMPLEMENTARES | D17: H | E17: Quantidade | F17: Meses | G17: Dias | H17: Horas | I17: Altura | J17: Porcentagem | K17: Total
F18: 12 | G18: 30 | H18: 2 | K18: =ROUND(F18*G18*H18,2) -> 720
J19: =SUM(K18:K18) -> 720 | K19: =D17 -> H
A20: SERVIÇOS PRELIMINARES
A21: LLES002 | B21: Próprio | C21: PLACA DE OBRA EM CHAPA DE AÇO GALVANIZADO | D21: m² | E21: Quantidade | F21: Área | G21: Largura | H21: Comprimento | I21: Altura | J21: Porcentagem | K21: Total
E22: 8 | H22: 3 | I22: 1.5 | K22: =ROUND(H22*I22*E22,2) -> 36
J23: =SUM(K22:K22) -> 36 | K23: =D21 -> m²
A24: 93208 | B24: SINAPI | C24: EXECUÇÃO DE ALMOXARIFADO EM CANTEIRO DE OBRA EM CHAPA DE MADEIRA COMPENSADA, INCLUSO PRATELEIRAS. AF_02/2016 | D24: m² | E24: Quantidade | F24: Área | G24: Largura | H24: Comprimento | I24: Altura | J24: Porcentagem | K24: Total
E25: 2 | G25: 5 | H25: 2 | K25: =ROUND(G25*H25*E25,2) -> 20
J26: =SUM(K25) -> 20 | K26: =D24 -> m²
A27: LLES CP022 | B27: Próprio | C27: Adapatado da SINAPI (99064) - LOCAÇÃO DE PAVIMENTAÇÃO. AF_10/2018 | D27: M | E27: Estaca Inicial - EX | F27: Complemento estaca | G27: Estaca Final - EX | H27: Complemento estaca | I27: Comprimento | J27: Porcentagem | K27: Total | N27: ÁREA DA POLILINE
C28: TRECHOS DE VIAS | I28: 13160 | K28: =ROUND(I28,2) -> 13160 | N28: =ROUND(6946.54-874.82,2) -> 6071.72
J29: =SUM(K28:L28) -> 13160 | K29: =D27 -> M | S29: 188
A30: LLES 305 | B30: Próprio | C30: Copia - SINAPI (78472) ATUALIZADO - SERVICOS TOPOGRAFICOS PARA PAVIMENTACAO, INCLUSIVE NOTA DE SERVICOS, ACOMPANHAMENTO E GREIDE | D30: m² | E30: Estaca Inicial - EX | F30: Complemento estaca | G30: Largura Média | H30: Complemento estaca | I30: Comprimento | J30: Porcentagem | K30: Total
C31: TRECHOS DE VIAS | G31: 7 | I31: =I28 -> 13160 | K31: =ROUND(I31*G31,2) -> 92120
J32: =SUM(K31:L31) -> 92120 | K32: =D30 -> m²
A33: 4011212 | B33: SICRO03 | C33: Varredura da superfície para execução de revestimento asfáltico | D33: m² | E33: Quantidade | F33: Área | G33: Largura Média | H33: Comprimento | I33: Área de Entrada de rua | J33: Porcentagem | K33: Total | L33: área da poliline indicada em projeto | N33: ÁREA DA POLILINE | O33: LARGURA MÉDIA | P33: LARGURA UTILIZADA | Q33: ÁREA ENCONTRADA | R33: ENTRADA DE RUA | V33: 5870.99
C34: =C28 -> TRECHOS DE VIAS | G34: =G31 -> 7 | H34: =K28 -> 13160 | K34: =ROUND((G34*H34)+I34,2) -> 92120 | N34: =N28 -> 6071.72 | O34: =ROUND(N34/K28,2) -> 0.46 | P34: 10 | Q34: =ROUND(P34*K28,2) -> 131600 | R34: =ROUND(N34-Q34,2) -> -125528.28 | V34: =ROUND(4718.87,2) -> 4718.87
C35: =#REF! -> #REF! | H35: =#REF! -> #REF! | K35: =ROUND((G35*H35)+I35,2) -> #REF! | N35: =#REF! -> #REF! | O35: =ROUND(N35/#REF!,2) -> #REF! | P35: 8 | Q35: =ROUND(P35*#REF!,2) -> #REF! | R35: =ROUND(N35-Q35,2) -> #REF! | V35: =ROUND(4718.87,2) -> 4718.87
C36: =#REF! -> #REF! | H36: =#REF! -> #REF! | K36: =ROUND((G36*H36)+I36,2) -> #REF! | N36: =#REF! -> #REF! | O36: =IFERROR(ROUND(N36/#REF!,2),"") | P36: 9 | Q36: =ROUND(P36*#REF!,2) -> #REF! | R36: =ROUND(N36-Q36,2) -> #REF! | V36: =ROUND(1163.13,2) -> 1163.13
C37: =#REF! -> #REF! | H37: =#REF! -> #REF! | K37: =ROUND((G37*H37)+I37,2) -> #REF! | N37: =#REF! -> #REF! | O37: =IFERROR(ROUND(N37/#REF!,2),"") | P37: 6 | Q37: =ROUND(P37*#REF!,2) -> #REF! | R37: =ROUND(N37-Q37,2) -> #REF! | V37: 1488.1
C38: =#REF! -> #REF! | H38: =#REF! -> #REF! | K38: =ROUND((G38*H38)+I38,2) -> #REF! | N38: =#REF! -> #REF! | O38: =IFERROR(ROUND(N38/#REF!,2),"") | P38: 7 | Q38: =ROUND(P38*#REF!,2) -> #REF! | R38: =ROUND(N38-Q38,2) -> #REF! | V38: 555.21
C39: =#REF! -> #REF! | H39: =#REF! -> #REF! | K39: =ROUND((G39*H39)+I39,2) -> #REF! | N39: =#REF! -> #REF! | O39: =IFERROR(ROUND(N39/#REF!,2),"") | P39: 7 | Q39: =ROUND(P39*#REF!,2) -> #REF! | R39: =ROUND(N39-Q39,2) -> #REF! | V39: 857.11
C40: =#REF! -> #REF! | H40: =#REF! -> #REF! | K40: =ROUND((G40*H40)+I40,2) -> #REF! | N40: =#REF! -> #REF! | O40: =IFERROR(ROUND(N40/#REF!,2),"") | P40: 5 | Q40: =ROUND(P40*#REF!,2) -> #REF! | R40: =ROUND(N40-Q40,2) -> #REF! | V40: =17947.56-6486-810 -> 10651.56
C41: =#REF! -> #REF! | H41: =#REF! -> #REF! | K41: =ROUND((G41*H41)+I41,2) -> #REF! | N41: =#REF! -> #REF! | O41: =IFERROR(ROUND(N41/#REF!,2),"") | P41: 9 | Q41: =ROUND(P41*#REF!,2) -> #REF! | R41: =ROUND(N41-Q41,2) -> #REF! | V41: 2427.18
C42: =#REF! -> #REF! | K42: =ROUND((G42*H42)+I42,2) -> 0 | N42: =#REF! -> #REF! | O42: =IFERROR(ROUND(N42/#REF!,2),"") | P42: 11 | Q42: =ROUND(P42*#REF!,2) -> #REF! | R42: =ROUND(N42-Q42,2) -> #REF! | V42: 0
C43: =#REF! -> #REF! | N43: =#REF! -> #REF! | O43: =IFERROR(ROUND(N43/#REF!,2),"") | P43: 14 | Q43: =ROUND(P43*#REF!,2) -> #REF! | R43: =ROUND(N43-Q43,2) -> #REF! | V43: 3559.38
C44: =#REF! -> #REF! | K44: =ROUND((G44*H44)+I44,2) -> 0 | N44: =#REF! -> #REF! | O44: =IFERROR(ROUND(N44/#REF!,2),"") | Q44: =ROUND(P44*#REF!,2) -> #REF! | R44: =ROUND(N44-Q44,2) -> #REF!
C45: =#REF! -> #REF! | K45: =ROUND((G45*H45)+I45,2) -> 0 | N45: =#REF! -> #REF! | O45: =IFERROR(ROUND(N45/#REF!,2),"") | Q45: =ROUND(P45*#REF!,2) -> #REF! | R45: =ROUND(N45-Q45,2) -> #REF!
C46: =#REF! -> #REF! | K46: =ROUND((G46*H46)+I46,2) -> 0 | N46: =#REF! -> #REF! | O46: =IFERROR(ROUND(N46/#REF!,2),"") | P46: 8 | Q46: =ROUND(P46*#REF!,2) -> #REF! | R46: =ROUND(N46-Q46,2) -> #REF!
J47: =K34 -> 92120 | K47: =D24 -> m²
A48: 1600441 | B48: SICRO03 | C48: Remoção de paralelepípedos | D48: m² | E48: Quantidade | F48: Área | G48: Largura Média | H48: Comprimento | I48: Área Complementar | J48: Porcentagem | K48: Total | L48: área da poliline indicada em projeto
C49: Rua Dr. Aloisio Borges | K49: =ROUND(F49*J49,2) -> 0
C50: =C38 -> #REF! | K50: =F50 -> 0
C51: =C39 -> #REF! | K51: =F51 -> 0
C52: Rua Lauro de Freitas | K52: =F52 -> 0
C53: TV. Carlos Gomes | K53: =F53 -> 0
C54: Rua das Flores | K54: =F54 -> 0
C55: Rua 15 de Novembro, Rua Leobino Pimentel, Praça Jose Dantas | K55: =F55 -> 0
C56: Rua Agenor Guedes | K56: =F56 -> 0
C57: Rua Roberto Santos | K57: =ROUND((G57*H57)+I57,2) -> 0
C58: Rua Catiara | K58: =F58 -> 0
J59: =SUM(K49:L58) -> 0 | K59: =D48 -> m²
A60: BASE
A61: 101138 | B61: SINAPI | C61: ESCAVAÇÃO HORIZONTAL, INCLUINDO CARGA, DESCARGA E TRANSPORTE EM SOLO DE 1A CATEGORIA COM TRATOR DE ESTEIRAS (125HP/LÂMINA: 2,70M3) E CAMINHÃO BASCULANTE DE 10M3, DMT ATÉ 200M. AF_07/2020 | D61: m³ | E61: Quantidade | F61: Área | G61: Largura | H61: Comprimento | I61: Altura | J61: Porcentagem | K61: Total | L61: largura x comprimento x altura
C62: Av. Dona Verde
C63: Corte Caixão de Rua | G63: 6 | H63: 362.71 | I63: 0.2 | K63: =ROUND(H63*I63*G63,2) -> 435.25
C64: Corte para Enlarguecimento da via | G64: 1.5 | H64: 285 | I64: 1 | K64: =ROUND(H64*I64*G64,2) -> 427.5
J65: =SUM(K63:K64) -> 862.75 | K65: =D61 -> m³
A66: 100982 | B66: SINAPI | C66: CARGA, MANOBRA E DESCARGA DE ENTULHO EM CAMINHÃO BASCULANTE 10 M³ - CARGA COM ESCAVADEIRA HIDRÁULICA (CAÇAMBA DE 0,80 M³ / 111 HP) E DESCARGA LIVRE (UNIDADE: M3). AF_07/2020 | D66: m³ | E66: Quantidade | F66: Área | G66: Largura | H66: Comprimento | I66: Altura | J66: Porcentagem | K66: Total | L66: largura x comprimento x altura
C67: Rua Roberto Santos - Paralelepipedo Removido | F67: =K57 -> 0 | I67: 0.15 | K67: =ROUND(F67*I67,2) -> 0
J68: =K67 -> 0 | K68: =D66 -> m³
A69: 95875 | B69: SINAPI | C69: TRANSPORTE COM CAMINHÃO BASCULANTE DE 10 M³, EM VIA URBANA PAVIMENTADA, DMT ATÉ 30 KM (UNIDADE: M3XKM). AF_07/2020 | D69: M3XKM | E69: Quantidade | F69: Volume | G69: DMT | H69: Comprimento | I69: Largura | J69: Empolamento | K69: Total | L69: V. Carregado x distância média de transporte
C70: Av. Dona Verde - Bota Fora | F70: =J65 -> 862.75 | G70: 7.7 | J70: 1.2 | K70: =ROUND(F70*G70*J70,2) -> 7971.81
C71: Rua Roberto Santos - Bota Fora | F71: =K67 -> 0 | G71: 7.7 | J71: 1.2 | K71: =ROUND(F71*G71*J71,2) -> 0
C72: Av. Dona Verde - Brita | F72: =K80 -> #REF! | H72: 7.1 | K72: =ROUND(F72*H72,2) -> #REF!
C73: Rua Roberto Santos - Brita | F73: =K81 -> 0 | H73: 6.7 | K73: =ROUND(F73*H73,2) -> 0
J74: =SUM(K70:K73) -> #REF! | K74: =D69 -> M3XKM
A75: 100576 | B75: SINAPI | C75: REGULARIZAÇÃO E COMPACTAÇÃO DE SUBLEITO DE SOLO PREDOMINANTEMENTE ARGILOSO. AF_11/2019 | D75: m² | E75: Área | F75: Volume | G75: Largura | H75: Comprimento | I75: Altura | J75: Porcentagem | K75: Total | L75: V. Carregado x distância média de transporte
C76: Av. Dona Verde | E76: =N45 -> #REF! | K76: =E76 -> #REF!
C77: Rua Roberto Santos | E77: =K57 -> 0 | K77: =E77 -> 0
J78: =SUM(K76:K77) -> #REF! | K78: =D75 -> m²
A79: 96396 | B79: SINAPI | C79: EXECUÇÃO E COMPACTAÇÃO DE BASE E OU SUB BASE PARA PAVIMENTAÇÃO DE BRITA GRADUADA SIMPLES - EXCLUSIVE CARGA E TRANSPORTE. AF_11/2019 | D79: m³ | E79: Área | F79: Volume | G79: Largura | H79: Comprimento | I79: Altura | J79: Porcentagem | K79: Total
C80: =C76 -> Av. Dona Verde | E80: =E76 -> #REF! | I80: 0.2 | K80: =ROUND(E80*I80,2) -> #REF!
C81: =C77 -> Rua Roberto Santos | E81: =E77 -> 0 | I81: 0.2 | K81: =ROUND(E81*I81,2) -> 0
J82: =SUM(K80:L81) -> #REF! | K82: =D79 -> m³
A83: PAVIMENTAÇÃO
A84: 2602 | B84: ORSE | C84: Remoção e reassentamento de paralelepípedo sobre colchão de areia | D84: m² | E84: Quantidade | F84: Área | G84: Porcentagem | H84: Entrada de Rua | I84: Exclui canteiros | J84: Exclui sarjetas | K84: Total
C85: =C34 -> TRECHOS DE VIAS | F85: =J47 -> 92120 | G85: 0.1 | K85: =ROUND(F85*G85,2) -> 9212
J86: =SUM(K85:K85) -> 9212 | K86: =D84 -> m²
A87: LLES323 | B87: PRÓPRIO | C87: Copia da SICRO (4011351) - EXECUÇÃO DE IMPRIMAÇÃO COM EMULSÃO ASFÁLTICA IMPRIMER (DILUÍDO EM ÁGUA) | D87: m² | E87: Quantidade | F87: Área | G87: Comprimento | H87: Volume | I87: Altura | J87: Porcentagem | K87: Total
F88: =J47 -> 92120 | K88: =F88 -> 92120
K89: =F89 -> 0
J90: 0 | K90: =D87 -> m²
A91: LLES215 | B91: PRÓPRIO | C91: Copia da SINAPI (96402) - EXECUÇÃO DE PINTURA DE LIGAÇÃO COM EMULSÃO ASFÁLTICA RR-2C. AF_11/2019 | D91: m² | E91: Quantidade | F91: Área | G91: Largura | H91: Espessura | I91: Altura | J91: Repetições | K91: Total | L91: idem área de imprimação x espessura
C92: =C85 -> TRECHOS DE VIAS | F92: =K34 -> 92120 | K92: =F92 -> 92120
C93: =#REF! -> #REF! | F93: =K35 -> #REF! | K93: =F93 -> #REF!
C94: =#REF! -> #REF! | F94: =K36 -> #REF! | K94: =F94 -> #REF!
C95: =#REF! -> #REF! | F95: =K37 -> #REF! | K95: =F95 -> #REF!
C96: =#REF! -> #REF! | F96: =K38 -> #REF! | K96: =F96 -> #REF!
C97: =#REF! -> #REF! | F97: =K39 -> #REF! | K97: =F97 -> #REF!
C98: =#REF! -> #REF! | F98: =K40 -> #REF! | K98: =F98 -> #REF!
C99: =#REF! -> #REF! | F99: =K41 -> #REF! | K99: =F99 -> #REF!
C100: =#REF! -> #REF! | F100: =#REF! -> #REF! | K100: =F100 -> #REF!
C101: =#REF! -> #REF! | F101: =F89 -> 0 | K101: =F101 -> 0
C102: =#REF! -> #REF! | F102: =#REF! -> #REF! | K102: =F102 -> #REF!
C103: =#REF! -> #REF! | F103: =F88 -> 92120 | K103: =F103 -> 92120
C104: =#REF! -> #REF! | F104: =#REF! -> #REF! | K104: =F104 -> #REF!
J105: =K92 -> 92120 | K105: =D91 -> m²
A106: 95995 | B106: SINAPI | C106: EXECUÇÃO DE PAVIMENTO COM APLICAÇÃO DE CONCRETO ASFÁLTICO, CAMADA DE ROLAMENTO - EXCLUSIVE CARGA E TRANSPORTE. AF_11/2019 | D106: m³ | E106: Quantidade | F106: Área | G106: Largura | H106: Espessura | I106: Altura | J106: % | K106: Total | L106: idem área de imprimação x espessura
...

Sheet COMPOSIÇÕES
A1: LLES Engenharia e Projetos LTDA
A2: CNPJ 13.103.698/0001-12
A3: Rua Carlos Roque, 45, térreo – Centro – CEP 45.490-000, Laje - Ba TEL: (75) 97400 9292 – (75) 99805 2089, e-mail: contato@llesengenharia.com.br
A5: 01 – NOME DA PREFEITURA PROPONENTE: | E5: 02 – DESCRIÇÃO:
A6: =DADOS!B4 -> PREFEITURA MUNICIPAL DE SÃO FELIPE/BA | E6: =DADOS!B8 -> PAVIMENTAÇÃO ASFÁLTICA DIVERSAS RUAS, NO MUNICÍPIO DE SÃO FELIPE/BA
A7: 03 –LOCALIDADE: | E7: 04 –DATA: | G7: 05 - DATA-BASE: | I7: 06 - BDI
A8: =DADOS!B5 -> SÃO FELIPE/BA | E8: =DADOS!B18 -> 45812 | G8: =DADOS!B10 -> SINAPI - 01/2025 - Bahia SICRO3 - 10/2024 - Bahia ORSE - 12/2024 - Sergipe | I8: =DADOS!B11 -> 0.2009
A9: COMPOSIÇÕES PRÓPRIAS
A11: 6.2 | B11: Código | C11: Banco | D11: Descrição | E11: Tipo | G11: Und | H11: Quant. | I11: Valor Unit | J11: Total
A12: Composição | B12: COMP205 | C12: Próprio | D12: Piso tátil direcional e de alerta, em concreto colorido, p/deficientes visuais, dimensões 30x30cm, aplicado com argamassa industrializada ac-ii, rejuntado, exclusive regularização de base | E12: ASTU - ASSENTAMENTO DE TUBOS E PECAS | G12: m² | H12: 1 | I12: 58.13 | J12: 58.13
A13: Composição Auxiliar | B13: 88316 | C13: SINAPI | D13: SERVENTE COM ENCARGOS COMPLEMENTARES | E13: SEDI - SERVIÇOS DIVERSOS | G13: H | H13: 1.2 | I13: 19.92 | J13: 23.9
A14: Composição Auxiliar | B14: 88309 | C14: SINAPI | D14: PEDREIRO COM ENCARGOS COMPLEMENTARES | E14: SEDI - SERVIÇOS DIVERSOS | G14: H | H14: 0.5 | I14: 28.6 | J14: 14.3
A15: Insumo | B15: 00034357 | C15: SINAPI | D15: REJUNTE CIMENTICIO, QUALQUER COR | E15: Material | G15: KG | H15: 0.52 | I15: 4.63 | J15: 2.4
A16: Insumo | B16: 00034353 | C16: SINAPI | D16: ARGAMASSA COLANTE AC II | E16: Material | G16: KG | H16: 4 | I16: 1.47 | J16: 5.88
A17: Insumo | B17: 00036178 | C17: SINAPI | D17: PISO PODOTATIL DE CONCRETO - DIRECIONAL E ALERTA, *40 X 40 X 2,5* CM | E17: Material | G17: UN | H17: 1.05 | I17: 11.1 | J17: 11.65
E18: MO sem LS => | F18: 25.2 | G18: LS => | H18: 0 | I18: MO com LS => | J18: 25.2
E19: Valor do BDI => | F19: 13.16 | H19: Valor com BDI => | J19: 71.29
A21: 8.1 | B21: Código | C21: Banco | D21: Descrição | E21: Tipo | G21: Und | H21: Quant. | I21: Valor Unit | J21: Total
A22: Composição | B22: COMP7210 | C22: Próprio | D22: MURO DE ARRIMO DE ALVENARIA DE PEDRA ARGAMASSADA | E22: DROP - DRENAGEM/OBRAS DE CONTENÇÃO / POÇOS DE VISITA E CAIXAS | G22: m³ | H22: 1 | I22: 729.67 | J22: 729.67
A23: Composição Auxiliar | B23: 88309 | C23: SINAPI | D23: PEDREIRO COM ENCARGOS COMPLEMENTARES | E23: SEDI - SERVIÇOS DIVERSOS | G23: H | H23: 10.6 | I23: 28.6 | J23: 303.16
A24: Composição Auxiliar | B24: 88316 | C24: SINAPI | D24: SERVENTE COM ENCARGOS COMPLEMENTARES | E24: SEDI - SERVIÇOS DIVERSOS | G24: H | H24: 8.6 | I24: 19.92 | J24: 171.31
A25: Insumo | B25: 00000370 | C25: SINAPI | D25: AREIA MEDIA - POSTO JAZIDA/FORNECEDOR (RETIRADO NA JAZIDA, SEM TRANSPORTE) | E25: Material | G25: m³ | H25: 0.38 | I25: 115.01 | J25: 43.7
A26: Insumo | B26: 00001379 | C26: SINAPI | D26: CIMENTO PORTLAND COMPOSTO CP II-32 | E26: Material | G26: KG | H26: 116 | I26: 0.86 | J26: 99.76
A27: Insumo | B27: 00004730 | C27: SINAPI | D27: PEDRA DE MAO OU PEDRA RACHAO PARA ARRIMO/FUNDACAO (POSTO PEDREIRA/FORNECEDOR, SEM FRETE) | E27: Material | G27: m³ | H27: 1.2 | I27: 93.12 | J27: 111.74
E28: MO sem LS => | F28: 327.08 | G28: LS => | H28: 0 | I28: MO com LS => | J28: 327.08
E29: Valor do BDI => | F29: 165.27 | H29: Valor com BDI => | J29: 894.94
A33: =DADOS!B5 -> SÃO FELIPE/BA | H33: =DADOS!B18 -> 45812
A34: Local | H34: Data
A39: Responsável Técnico
A40: Nome: | C40: =DADOS!B15 -> Eliabe Vitória Souza
A41: Título: | C41: =DADOS!B16 -> Engenheiro Civil
A42: CREA/CAU: | C42: =DADOS!B17 -> CREA/BA:051487735-9
A164: =DADOS!B5 -> SÃO FELIPE/BA | G164: =DADOS!B18 -> 45812
A165: Local | G165: Data
A171: Responsável Técnico
A172: Nome: | B172: =DADOS!B15 -> Eliabe Vitória Souza
A173: Título: | B173: =DADOS!B16 -> Engenheiro Civil
A174: CREA/CAU: | B174: =DADOS!B17 -> CREA/BA:051487735-9

Sheet Cotações 
A1: LLES Engenharia e Projetos LTDA
A2: CNPJ 13.103.698/0001-12
A3: Rua Carlos Roque, 45, térreo – Centro – CEP 45-490-000, Laje - Ba TEL: (75) 99989 6598 – (75) 99805 2089, e-mail: contato@llesengenharia.com.br
A5: 01 – NOME DA PREFEITURA PROPONENTE: | C5: 02 – DESCRIÇÃO:
A6: PREFEITURA MUNICIPAL DE CABACEIRAS DO PARAGUAÇU | C6: PROJETO DE CONSTRUÇÃO DE UNIDADE SANITÁRIA
A7: 03 –LOCALIDADE: | C7: 04 –DATA:
A8: CABACEIRAS DO PARAGUAÇU/BA | C8: 44314
A9: COTAÇÕES
A11: EMPRESAS FORNECEDORAS:
A12: EMPRESAS | B12: CNPJ | C12: NOME | E12: FONE | F12: SITE
A13: E001
A14: E002
A15: E003
A16: E004
A17: E005
A18: E006
A19: E007
A20: E008
A21: E009
A22: E010
A23: E011
A24: E012
... A36: COTAÇÕES:
A37: CÓDIGO | B37: DESCRIÇÃO | E37: UNIDADE | F37: MEDIANA
A38: 001 | F38: =MEDIAN(E40:E42) -> #NUM!
A39: EMPRESA | B39: NOME DA EMPRESA | E39: COTAÇÕES | F39: DATA COTAÇÃO
A40: E001 | B40: =IF(A40<>"",VLOOKUP(A40,$A$13:$D$34,3,FALSE),"") -> 0
A41: E002 | B41: =IF(A41<>"",VLOOKUP(A41,$A$13:$D$34,3,FALSE),"") -> 0
A42: E003 | B42: =IF(A42<>"",VLOOKUP(A42,$A$13:$D$34,3,FALSE),"") -> 0
A44: CÓDIGO | B44: DESCRIÇÃO | E44: UNIDADE | F44: MEDIANA
A45: 002 | F45: =MEDIAN(E47:E49) -> #NUM!
A46: EMPRESA | B46: NOME DA EMPRESA | E46: COTAÇÕES | F46: DATA COTAÇÃO
A47: E004 | B47: =IF(A47<>"",VLOOKUP(A47,$A$13:$D$34,3,FALSE),"") -> 0
A48: E001 | B48: =IF(A48<>"",VLOOKUP(A48,$A$13:$D$34,3,FALSE),"") -> 0
A49: E005 | B49: =IF(A49<>"",VLOOKUP(A49,$A$13:$D$34,3,FALSE),"") -> 0
A51: CÓDIGO | B51: DESCRIÇÃO | E51: UNIDADE | F51: MEDIANA
A52: 003 | F52: =MEDIAN(E54:E56) -> #NUM!
A53: EMPRESA | B53: NOME DA EMPRESA | E53: COTAÇÕES | F53: DATA COTAÇÃO
A54: E006 | B54: =IF(A54<>"",VLOOKUP(A54,$A$13:$D$34,3,FALSE),"") -> 0
A55: E007 | B55: =IF(A55<>"",VLOOKUP(A55,$A$13:$D$34,3,FALSE),"") -> 0
A56: E008 | B56: =IF(A56<>"",VLOOKUP(A56,$A$13:$D$34,3,FALSE),"") -> 0
A58: CÓDIGO | B58: DESCRIÇÃO | E58: UNIDADE | F58: MEDIANA
A59: 004 | F59: =MEDIAN(E61:E63) -> #NUM!
A60: EMPRESA | B60: NOME DA EMPRESA | E60: COTAÇÕES | F60: DATA COTAÇÃO
A61: E009 | B61: =IF(A61<>"",VLOOKUP(A61,$A$13:$D$34,3,FALSE),"") -> 0
A62: E010 | B62: =IF(A62<>"",VLOOKUP(A62,$A$13:$D$34,3,FALSE),"") -> 0
A63: E011 | B63: =IF(A63<>"",VLOOKUP(A63,$A$13:$D$34,3,FALSE),"") -> 0
A65: CÓDIGO | B65: DESCRIÇÃO | E65: UNIDADE | F65: MEDIANA
A66: 005 | F66: =MEDIAN(E68:E70) -> #NUM!
A67: EMPRESA | B67: NOME DA EMPRESA | E67: COTAÇÕES | F67: DATA COTAÇÃO
A68: E014 | B68: =IF(A68<>"",VLOOKUP(A68,$A$13:$D$34,3,FALSE),"") -> 0
A69: E001 | B69: =IF(A69<>"",VLOOKUP(A69,$A$13:$D$34,3,FALSE),"") -> 0
A70: E013 | B70: =IF(A70<>"",VLOOKUP(A70,$A$13:$D$34,3,FALSE),"") -> 0
A72: CÓDIGO | B72: DESCRIÇÃO | E72: UNIDADE | F72: MEDIANA
A73: 006 | F73: =MEDIAN(E75:E77) -> #NUM!
A74: EMPRESA | B74: NOME DA EMPRESA | E74: COTAÇÕES | F74: DATA COTAÇÃO
A75: E004 | B75: =IF(A75<>"",VLOOKUP(A75,$A$13:$D$34,3,FALSE),"") -> 0
A76: E001 | B76: =IF(A76<>"",VLOOKUP(A76,$A$13:$D$34,3,FALSE),"") -> 0
A77: E015 | B77: =IF(A77<>"",VLOOKUP(A77,$A$13:$D$34,3,FALSE),"") -> 0
A79: CÓDIGO | B79: DESCRIÇÃO | E79: UNIDADE | F79: MEDIANA
A80: 007 | F80: =MEDIAN(E82:E84) -> #NUM!
A81: EMPRESA | B81: NOME DA EMPRESA | E81: COTAÇÕES | F81: DATA COTAÇÃO
A82: E012 | B82: =IF(A82<>"",VLOOKUP(A82,$A$13:$D$34,3,FALSE),"") -> 0
A83: E004 | B83: =IF(A83<>"",VLOOKUP(A83,$A$13:$D$34,3,FALSE),"") -> 0
A84: E001 | B84: =IF(A84<>"",VLOOKUP(A84,$A$13:$D$34,3,FALSE),"") -> 0
A86: CÓDIGO | B86: DESCRIÇÃO | E86: UNIDADE | F86: MEDIANA
A87: 008 | F87: =MEDIAN(E89:E91) -> #NUM!
A88: EMPRESA | B88: NOME DA EMPRESA | E88: COTAÇÕES | F88: DATA COTAÇÃO
A89: E013 | B89: =IF(A89<>"",VLOOKUP(A89,$A$13:$D$34,3,FALSE),"") -> 0
A90: E004 | B90: =IF(A90<>"",VLOOKUP(A90,$A$13:$D$34,3,FALSE),"") -> 0
A91: E001 | B91: =IF(A91<>"",VLOOKUP(A91,$A$13:$D$34,3,FALSE),"") -> 0
A93: CÓDIGO | B93: DESCRIÇÃO | E93: UNIDADE | F93: MEDIANA
A94: 009 | F94: =MEDIAN(E96:E98) -> #NUM!
A95: EMPRESA | B95: NOME DA EMPRESA | E95: COTAÇÕES | F95: DATA COTAÇÃO
A96: E012 | B96: =IF(A96<>"",VLOOKUP(A96,$A$13:$D$34,3,FALSE),"") -> 0
A97: E004 | B97: =IF(A97<>"",VLOOKUP(A97,$A$13:$D$34,3,FALSE),"") -> 0
A98: E001 | B98: =IF(A98<>"",VLOOKUP(A98,$A$13:$D$34,3,FALSE),"") -> 0
A100: CÓDIGO | B100: DESCRIÇÃO | E100: UNIDADE | F100: MEDIANA
A101: 010 | F101: =MEDIAN(E103:E105) -> #NUM!
A102: EMPRESA | B102: NOME DA EMPRESA | E102: COTAÇÕES | F102: DATA COTAÇÃO
A103: E001 | B103: =IF(A103<>"",VLOOKUP(A103,$A$13:$D$34,3,FALSE),"") -> 0
A104: E013 | B104: =IF(A104<>"",VLOOKUP(A104,$A$13:$D$34,3,FALSE),"") -> 0
A105: E012 | B105: =IF(A105<>"",VLOOKUP(A105,$A$13:$D$34,3,FALSE),"") -> 0
A107: CÓDIGO | B107: DESCRIÇÃO | E107: UNIDADE | F107: MEDIANA
A108: 010 | F108: =MEDIAN(E110:E112) -> #NUM!
A109: EMPRESA | B109: NOME DA EMPRESA | E109: COTAÇÕES | F109: DATA COTAÇÃO
A110: E001 | B110: =IF(A110<>"",VLOOKUP(A110,$A$13:$D$34,3,FALSE),"") -> 0
A111: E013 | B111: =IF(A111<>"",VLOOKUP(A111,$A$13:$D$34,3,FALSE),"") -> 0
A112: E016 | B112: =IF(A112<>"",VLOOKUP(A112,$A$13:$D$34,3,FALSE),"") -> 0
A114: CÓDIGO | B114: DESCRIÇÃO | E114: UNIDADE | F114: MEDIANA
A115: 010 | F115: =MEDIAN(E117:E119) -> #NUM!
A116: EMPRESA | B116: NOME DA EMPRESA | E116: COTAÇÕES | F116: DATA COTAÇÃO
A117: E001 | B117: =IF(A117<>"",VLOOKUP(A117,$A$13:$D$34,3,FALSE),"") -> 0
A118: E013 | B118: =IF(A118<>"",VLOOKUP(A118,$A$13:$D$34,3,FALSE),"") -> 0
A119: E017 | B119: =IF(A119<>"",VLOOKUP(A119,$A$13:$D$34,3,FALSE),"") -> 0
A128: CABACEIRAS DO PARAGUAÇU/BA | F128: 44314
A129: Local | F129: Data
A137: Responsável Técnico
A138: Nome: | B138: Keilla Oliveira dos Santos
A139: Título: | B139: Engenheira Civil
...

Sheet PLANILHA REPROGRAMAÇÃO
A1: LLES Engenharia e Projetos LTDA
A2: CNPJ 13.103.698/0001-12
A3: Rua Carlos Roque, 45, térreo – Centro – CEP 45-490-000, Laje - Ba TEL: (75) 99989 6598 – (75) 99805 2089, e-mail: contato@llesengenharia.com.br
A5: 01 – NOME DA PREFEITURA PROPONENTE: | E5: 02 – DESCRIÇÃO:
A6: =DADOS!B4 -> PREFEITURA MUNICIPAL DE SÃO FELIPE/BA | E6: =DADOS!B8 -> PAVIMENTAÇÃO ASFÁLTICA DIVERSAS RUAS, NO MUNICÍPIO DE SÃO FELIPE/BA
A7: 03 –LOCALIDADE: | E7: 04 –DATA: | G7: 05 - BANCOS: | I7: 06 - BDI
A8: =DADOS!B5 -> SÃO FELIPE/BA | E8: =DADOS!B18 -> 45812 | G8: =DADOS!B10 -> SINAPI - 01/2025 - Bahia SICRO3 - 10/2024 - Bahia ORSE - 12/2024 - Sergipe | I8: =DADOS!B11 -> 0.2009
A10: PLANILHA ORÇAMENTÁRIA - REPROGRAMAÇÃO
A12: Item | B12: Código | C12: Banco | D12: Descrição | E12: Und | F12: Quant. Licitada | G12: Valor Unit com BDI | H12: Total Licitado | I12: Quant. Suprimida | J12: Quant. Acrescida | K12: Quant. Reprogramada | L12: Valor Suprimido | M12: Valor Acrescido | N12: Total Reprogramado
A13: 1 | D13: SERVIÇOS PRELIMINARES
H14: =ROUND(G14*F14,2) -> 0 | K14: =F14-I14+J14 -> 0 | L14: =ROUND(I14*G14,2) -> 0 | M14: =ROUND(J14*G14,2) -> 0 | N14: =ROUND(K14*G14,2) -> 0
H15: =ROUND(G15*F15,2) -> 0 | K15: =F15-I15+J15 -> 0 | L15: =ROUND(I15*G15,2) -> 0 | M15: =ROUND(J15*G15,2) -> 0 | N15: =ROUND(K15*G15,2) -> 0
H16: =ROUND(G16*F16,2) -> 0 | K16: =F16-I16+J16 -> 0 | L16: =ROUND(I16*G16,2) -> 0 | M16: =ROUND(J16*G16,2) -> 0 | N16: =ROUND(K16*G16,2) -> 0
H17: =ROUND(G17*F17,2) -> 0 | K17: =F17-I17+J17 -> 0 | L17: =ROUND(I17*G17,2) -> 0 | M17: =ROUND(J17*G17,2) -> 0 | N17: =ROUND(K17*G17,2) -> 0
H18: =ROUND(G18*F18,2) -> 0 | K18: =F18-I18+J18 -> 0 | L18: =ROUND(I18*G18,2) -> 0 | M18: =ROUND(J18*G18,2) -> 0 | N18: =ROUND(K18*G18,2) -> 0
H19: =ROUND(G19*F19,2) -> 0 | K19: =F19-I19+J19 -> 0 | L19: =ROUND(I19*G19,2) -> 0 | M19: =ROUND(J19*G19,2) -> 0 | N19: =ROUND(K19*G19,2) -> 0
H20: =ROUND(G20*F20,2) -> 0 | K20: =F20-I20+J20 -> 0 | L20: =ROUND(I20*G20,2) -> 0 | M20: =ROUND(J20*G20,2) -> 0 | N20: =ROUND(K20*G20,2) -> 0
H21: =ROUND(G21*F21,2) -> 0 | K21: =F21-I21+J21 -> 0 | L21: =ROUND(I21*G21,2) -> 0 | M21: =ROUND(J21*G21,2) -> 0 | N21: =ROUND(K21*G21,2) -> 0
H22: =ROUND(G22*F22,2) -> 0 | K22: =F22-I22+J22 -> 0 | L22: =ROUND(I22*G22,2) -> 0 | M22: =ROUND(J22*G22,2) -> 0 | N22: =ROUND(K22*G22,2) -> 0
H23: =ROUND(G23*F23,2) -> 0 | K23: =F23-I23+J23 -> 0 | L23: =ROUND(I23*G23,2) -> 0 | M23: =ROUND(J23*G23,2) -> 0 | N23: =ROUND(K23*G23,2) -> 0
H24: =ROUND(G24*F24,2) -> 0 | K24: =F24-I24+J24 -> 0 | L24: =ROUND(I24*G24,2) -> 0 | M24: =ROUND(J24*G24,2) -> 0 | N24: =ROUND(K24*G24,2) -> 0
H25: =ROUND(G25*F25,2) -> 0 | K25: =F25-I25+J25 -> 0 | L25: =ROUND(I25*G25,2) -> 0 | M25: =ROUND(J25*G25,2) -> 0 | N25: =ROUND(K25*G25,2) -> 0
... H63: =ROUND(G63*F63,2) -> 0 | K63: =F63-I63+J63 -> 0 | L63: =ROUND(I63*G63,2) -> 0 | M63: =ROUND(J63*G63,2) -> 0 | N63: =ROUND(K63*G63,2) -> 0
L65: TOTAL LICITADO:
L67: Valor Suprimido:
L68: Valor Acrescido:
L70: TOTAL REPROGRAMADO: | N70: =N65-N67+N68 -> 0
L71: TOTAL DO ADITIVO: | N71: =N70-N65 -> 0
A73: =DADOS!B5 -> SÃO FELIPE/BA | J73: =DADOS!B18 -> 45812
A74: Local | J74: Data
A82: Responsável Técnico
A83: Nome: | C83: =DADOS!B40 -> 0
A84: Título: | C84: =DADOS!B41 -> 0
A85: CREA/CAU: | C85: =DADOS!B42 -> 0

Sheet PLANILHA SERVIÇOS EXTRAS
A1: LLES Engenharia e Projetos LTDA
A2: CNPJ 13.103.698/0001-12
A3: Rua Carlos Roque, 45, térreo – Centro – CEP 45-490-000, Laje - Ba TEL: (75) 99989 6598 – (75) 99805 2089, e-mail: contato@llesengenharia.com.br
M4: BDI | N4: =DADOS!B12 -> 1.2009
A5: 01 – NOME DA PREFEITURA PROPONENTE: | E5: 02 – DESCRIÇÃO:
A6: =DADOS!B4 -> PREFEITURA MUNICIPAL DE SÃO FELIPE/BA | E6: =DADOS!B8 -> PAVIMENTAÇÃO ASFÁLTICA DIVERSAS RUAS, NO MUNICÍPIO DE SÃO FELIPE/BA | M6: Kappa PLANILHA: | N6: 1
A7: 03 –LOCALIDADE: | E7: 04 –DATA: | G7: 05 - BANCOS: | I7: 06 - BDI
A8: =DADOS!B5 -> SÃO FELIPE/BA | E8: =DADOS!B18 -> 45812 | G8: =DADOS!B10 -> SINAPI - 01/2025 - Bahia SICRO3 - 10/2024 - Bahia ORSE - 12/2024 - Sergipe | I8: =DADOS!B11 -> 0.2009 | M8: Kappa EMPRESA: | N8: 1
A9: SERVIÇOS EXTRAS
A11: Item | B11: Código | C11: Banco | D11: Descrição | E11: Und | F11: Quant. | G11: Valor Unit CHEIO | H11: Valor Unit PLANILHA | I11: Valor Unit EMPRESA | J11: Valor Unit com BDI | K11: Total
A12: 1 | D12: SERVIÇOS EXTRA | K12: =SUM(K13:K32) -> 0
H13: =ROUND(G13*$N$6,2) -> 0 | I13: =ROUND(H13*$N$8,2) -> 0 | J13: =ROUND(I13*$N$4,2) -> 0 | K13: =ROUND(J13*F13,2) -> 0
H14: =ROUND(G14*$N$6,2) -> 0 | I14: =ROUND(H14*$N$8,2) -> 0 | J14: =ROUND(I14*$N$4,2) -> 0 | K14: =ROUND(J14*F14,2) -> 0
H15: =ROUND(G15*$N$6,2) -> 0 | I15: =ROUND(H15*$N$8,2) -> 0 | J15: =ROUND(I15*$N$4,2) -> 0 | K15: =ROUND(J15*F15,2) -> 0
H16: =ROUND(G16*$N$6,2) -> 0 | I16: =ROUND(H16*$N$8,2) -> 0 | J16: =ROUND(I16*$N$4,2) -> 0 | K16: =ROUND(J16*F16,2) -> 0
H17: =ROUND(G17*$N$6,2) -> 0 | I17: =ROUND(H17*$N$8,2) -> 0 | J17: =ROUND(I17*$N$4,2) -> 0 | K17: =ROUND(J17*F17,2) -> 0
H18: =ROUND(G18*$N$6,2) -> 0 | I18: =ROUND(H18*$N$8,2) -> 0 | J18: =ROUND(I18*$N$4,2) -> 0 | K18: =ROUND(J18*F18,2) -> 0
H19: =ROUND(G19*$N$6,2) -> 0 | I19: =ROUND(H19*$N$8,2) -> 0 | J19: =ROUND(I19*$N$4,2) -> 0 | K19: =ROUND(J19*F19,2) -> 0
H20: =ROUND(G20*$N$6,2) -> 0 | I20: =ROUND(H20*$N$8,2) -> 0 | J20: =ROUND(I20*$N$4,2) -> 0 | K20: =ROUND(J20*F20,2) -> 0
H21: =ROUND(G21*$N$6,2) -> 0 | I21: =ROUND(H21*$N$8,2) -> 0 | J21: =ROUND(I21*$N$4,2) -> 0 | K21: =ROUND(J21*F21,2) -> 0
H22: =ROUND(G22*$N$6,2) -> 0 | I22: =ROUND(H22*$N$8,2) -> 0 | J22: =ROUND(I22*$N$4,2) -> 0 | K22: =ROUND(J22*F22,2) -> 0
H23: =ROUND(G23*$N$6,2) -> 0 | I23: =ROUND(H23*$N$8,2) -> 0 | J23: =ROUND(I23*$N$4,2) -> 0 | K23: =ROUND(J23*F23,2) -> 0
H24: =ROUND(G24*$N$6,2) -> 0 | I24: =ROUND(H24*$N$8,2) -> 0 | J24: =ROUND(I24*$N$4,2) -> 0 | K24: =ROUND(J24*F24,2) -> 0
... H32: =ROUND(G32*$N$6,2) -> 0 | I32: =ROUND(H32*$N$8,2) -> 0 | J32: =ROUND(I32*$N$4,2) -> 0 | K32: =ROUND(J32*F32,2) -> 0
G33: Total sem BDI: | K33: =ROUND(K35/$N$4,2) -> 0
G34: Total do BDI: | K34: =K35-K33 -> 0
G35: TOTAL GERAL: | K35: =K12 -> 0
A38: =DADOS!B5 -> SÃO FELIPE/BA | G38: =DADOS!B18 -> 45812
A39: Local | G39: Data
A45: Responsável Técnico
A46: Nome: | C46: =DADOS!B15 -> Eliabe Vitória Souza
A47: Título: | C47: =DADOS!B16 -> Engenheiro Civil
A48: CREA/CAU: | C48: =DADOS!B17 -> CREA/BA:051487735-9

Sheet PLANILHA CONTROLE
A1: LLES Engenharia e Projetos LTDA
A2: CNPJ 13.103.698/0001-12
A3: Rua Carlos Roque, 45, térreo – Centro – CEP 45-490-000, Laje - Ba TEL: (75) 99989 6598 – (75) 99805 2089, e-mail: contato@llesengenharia.com.br | N3: Nº DA MEDIÇÃO
N4: 1
A5: 01 – NOME DA PREFEITURA PROPONENTE: | E5: 02 – DESCRIÇÃO:
A6: =DADOS!B4 -> PREFEITURA MUNICIPAL DE SÃO FELIPE/BA | E6: =DADOS!B8 -> PAVIMENTAÇÃO ASFÁLTICA DIVERSAS RUAS, NO MUNICÍPIO DE SÃO FELIPE/BA | J6: EMPRESA: | L6: VALOR DO CONTRATO: | N6: PERÍODO DA MEDIÇÃO:
A7: 03 –LOCALIDADE: | E7: 04 –DATA: | G7: 05 - BANCOS: | H7: 6 - BDI: | J7: =DADOS!B28 -> 0
A8: =DADOS!B5 -> SÃO FELIPE/BA | E8: =DADOS!B18 -> 45812 | G8: =DADOS!B10 -> SINAPI - 01/2025 - Bahia SICRO3 - 10/2024 - Bahia ORSE - 12/2024 - Sergipe | H8: =DADOS!B11 -> 0.2009 | J8: Nº DO CONTRATO: | L8: SALDO: | N8: VALOR DA MEDIÇÃO
J9: =DADOS!B30 -> 0 | N9: =N60 -> 0
A10: BOLETIM DE MEDIÇÃO
A12: Item | B12: Código | C12: Banco | D12: Descrição | E12: Und | F12: Quant. Licitada | G12: Valor Unit com BDI | H12: Total | J12: FÍSICO | M12: FINANCEIRO
A13: 1 | D13: SERVIÇOS PRELIMINARES | J13: ANTERIOR | K13: PERÍODO | L13: ACUMULADO | M13: ANTERIOR | N13: PERÍODO | O13: ACUMULADO
M14: =ROUND(J14*G14,2) -> 0 | N14: =ROUND(K14*G14,2) -> 0 | O14: =M14+N14 -> 0
M15: =ROUND(J15*G15,2) -> 0 | N15: =ROUND(K15*G15,2) -> 0 | O15: =M15+N15 -> 0
M16: =ROUND(J16*G16,2) -> 0 | N16: =ROUND(K16*G16,2) -> 0 | O16: =M16+N16 -> 0
M17: =ROUND(J17*G17,2) -> 0 | N17: =ROUND(K17*G17,2) -> 0 | O17: =M17+N17 -> 0
M18: =ROUND(J18*G18,2) -> 0 | N18: =ROUND(K18*G18,2) -> 0 | O18: =M18+N18 -> 0
M19: =ROUND(J19*G19,2) -> 0 | N19: =ROUND(K19*G19,2) -> 0 | O19: =M19+N19 -> 0
M20: =ROUND(J20*G20,2) -> 0 | N20: =ROUND(K20*G20,2) -> 0 | O20: =M20+N20 -> 0
M21: =ROUND(J21*G21,2) -> 0 | N21: =ROUND(K21*G21,2) -> 0 | O21: =M21+N21 -> 0
M22: =ROUND(J22*G22,2) -> 0 | N22: =ROUND(K22*G22,2) -> 0 | O22: =M22+N22 -> 0
M23: =ROUND(J23*G23,2) -> 0 | N23: =ROUND(K23*G23,2) -> 0 | O23: =M23+N23 -> 0
M24: =ROUND(J24*G24,2) -> 0 | N24: =ROUND(K24*G24,2) -> 0 | O24: =M24+N24 -> 0
M25: =ROUND(J25*G25,2) -> 0 | N25: =ROUND(K25*G25,2) -> 0 | O25: =M25+N25 -> 0
... M56: =ROUND(J56*G56,2) -> 0 | N56: =ROUND(K56*G56,2) -> 0 | O56: =M56+N56 -> 0
H58: TOTAL GERAL | M58: TOTAIS
M59: ANTERIOR | N59: PERÍODO | O59: ACUMULADO
H60: =SUM(H14:H56) -> 0 | M60: =SUM(M15:M56) -> 0 | N60: =SUM(N15:N56) -> 0 | O60: =SUM(O15:O56) -> 0
A63: =DADOS!B5 -> SÃO FELIPE/BA | F63: =DADOS!B18 -> 45812
A64: Local | F64: Data
A72: Responsável Técnico
A73: Nome: | C73: =DADOS!B40 -> 0
A74: Título: | C74: =DADOS!B41 -> 0
A75: CREA/CAU: | C75: =DADOS!B42 -> 0
